Workbook

Sheet JV-1 5556 RC CO001-CO111
C1: E & E Co. Ltd. | H1: JV # | I1: JV-1 55/56 R/C
C2: JOURNAL VOUCHER "JV" | H2: ENTRY # | I2: 21001021
H3: POSTING #
A5: 43524 | C5: TRANSACTION DATE
A6: 8 | C6: ACCOUNTING MONTH | G6: PREPARED BY | H6: Tracy Zhao | I6: DATE | J6: =TODAY() -> 44361
A7: N | C7: Reversing Entry | G7: INPUT BY | H7: Tracy Zhao | I7: DATE
A9: EG: | E9: BATCH DESCRIPTION | G9: APPROVED BY | I9: DATE
A13: ENTRY | B13: REF | C13: GL ACCT | D13: Cost | E13: Cost | F13: DEBIT | G13: CREDIT | H13: REFERENCE
A14: NO | B14: NO. | C14: NO. | D14: Center | E14: Unit
A16: 1 | C16: 55000 | D16: 0000 | E16: 00 | H16: LVM used I Type instead of Q Type for Cycle Count Adjustment - September 18
C17: 56000 | D17: 0000 | E17: 00 | H17: =H16 -> LVM used I Type instead of Q Type for Cycle Count Adjustment - September 18
A19: 1 | C19: 56000 | D19: 0000 | E19: 00 | F19: 7758.29 | H19: XDS used Q type instead of I type for duplicated receiving error
C20: 55000 | D20: 0000 | E20: 00 | G20: 7758.29 | H20: =H19 -> XDS used Q type instead of I type for duplicated receiving error
A22: 2
A25: 2
A28: 5
F31: =SUM(F16:F30) -> 7758.29 | G31: =SUM(G16:G30) -> 7758.29
A32: COMMENTS:
A81: File Location: | C81: S:\L\ACCOUNTING NEW\General Accountants\Co 001 & 111 - E&E Co., Ltd\Inventory\2018\11-2018\5556\Co 001 Co 111 55000 56000 Summary.xlsx
A85: SV2 cost adjustments for case pack change- Nov 18

Sheet JV-5556-NOT Reverse-Done 
C1: E / E Co. Ltd. | H1: JV # | I1: 55/56 R/C
C2: JOURNAL VOUCHER "JV" | H2: ENTRY # | I2: Upload
H3: POSTING #
A5: 44316 | C5: TRANSACTION DATE
A6: 10 | C6: ACCOUNTING MONTH | G6: PREPARED BY | H6: Hannah Duong | I6: DATE | J6: =NOW() -> 44361.415
A7: N | C7: Reversing Entry | G7: INPUT BY | H7: Hannah Duong | I7: DATE
A9: EG: | E9: BATCH DESCRIPTION | G9: APPROVED BY | I9: DATE
M11: MAY'21
A13: ENTRY | B13: REF | C13: GL ACCT | D13: Cost | E13: Cost | F13: DEBIT | G13: CREDIT | H13: REFERENCE | R13: FBA | S13: 9000 | T13: 00
A14: NO | B14: NO. | C14: NO. | D14: Center | E14: Unit | R14: FB1 | S14: 5000 | T14: 20
A15: 1 | B15: 135043 | C15: 55000 | D15: 3300 | E15: 00 | H15: Reclass Inventory Adjustment CC and CU - Oct 2019 | R15: FB2 | S15: 3300 | T15: 40
C16: 55000 | D16: 0000 | E16: 00 | H16: Reclass Inventory Adjustment CC and CU - Oct 2019 | R16: FB4 | S16: 2300
N17: Row Labels | O17: Sum of Sum of FC amount | R17: LA4 | S17: 2300
A18: 1 | C18: 55000 | D18: 7100 | E18: 00 | H18: =I18&$M$11 -> Reclass Inventory Adjustment CC and CU - MAY'21 | I18: Reclass Inventory Adjustment CC and CU - | N18: 7250 | O18: 0 | R18: OST | S18: 3999 | T18: 10
C19: 55000 | D19: 0000 | E19: 00 | H19: =I19&$M$11 -> Reclass Inventory Adjustment CC and CU - MAY'21 | I19: Reclass Inventory Adjustment CC and CU - | N19: 7290 | O19: 0 | R19: WAY | S19: 3500 | T19: 50
K20: *** Copy from 55/56 report | N20: 7400 | O20: 123.03 | R20: LVM | S20: 7250 | T20: 00
A21: 2 | C21: 55000 | D21: =VLOOKUP($K21,$R:$T,2,0) -> 3999 | E21: =VLOOKUP($K21,$R:$T,3,0) -> 10 | G21: =-L21 -> -425.47432 | H21: =I21&$M$11 -> RC GL#55000 variance to WHS - MAY'21 | I21: RC GL#55000 variance to WHS - | K21: ADUL | L21: 425.47432 | M21: FB1 | N21: 7450 | O21: -220.04 | R21: XRL | S21: 7250 | T21: 00
C22: 55000 | D22: =VLOOKUP($K22,$R:$T,2,0) -> 5000 | E22: =VLOOKUP($K22,$R:$T,3,0) -> 20 | G22: =-L22 -> -50.33 | K22: APL | L22: 50.33 | M22: FB1 | N22: 7700 | O22: 1503.57 | R22: LDC | S22: 7290 | T22: 00
C23: 55000 | D23: =VLOOKUP($K23,$R:$T,2,0) -> 3150 | E23: =VLOOKUP($K23,$R:$T,3,0) -> 15 | G23: =-L23 -> -652.84448 | K23: BASI | L23: 652.84448 | M23: FB1 | N23: 7900 | O23: 14112.94 | R23: XDL | S23: 7290 | T23: 00
C24: 55000 | D24: =VLOOKUP($K24,$R:$T,2,0) -> 3550 | E24: =VLOOKUP($K24,$R:$T,3,0) -> 55 | G24: =-L24 -> -272.8 | K24: BATH | L24: 272.8 | M24: FB1 | N24: 7990 | O24: -736759.19 | R24: LCS | S24: 7250 | T24: 00
C25: 55000 | D25: =VLOOKUP($K25,$R:$T,2,0) -> 3200 | E25: =VLOOKUP($K25,$R:$T,3,0) -> 32 | G25: =-L25 -> -15725.158 | K25: BLK | L25: 15725.158 | M25: FB1 | N25: 7790 | O25: 15842.44 | R25: WOD | S25: 7400 | T25: 00
C26: 55000 | D26: =VLOOKUP($K26,$R:$T,2,0) -> 3180 | E26: =VLOOKUP($K26,$R:$T,3,0) -> 18 | G26: =-L26 -> -3983.7423 | K26: SHET | L26: 3983.7423 | M26: FB1 | N26: 9000 | O26: -223.23 | R26: WDC | S26: 7400 | T26: 00
C27: 55000 | D27: =VLOOKUP($K27,$R:$T,2,0) -> 3600 | E27: =VLOOKUP($K27,$R:$T,3,0) -> 60 | G27: =-L27 -> -1194.71 | K27: WIN | L27: 1194.71 | M27: FB1 | N27: 5000 | O27: 22305.06 | R27: XRW | S27: 7400 | T27: 00
C28: 55000 | D28: =VLOOKUP($K28,$R:$T,2,0) -> 3150 | E28: =VLOOKUP($K28,$R:$T,3,0) -> 15 | G28: =-L28 -> -11.472114 | K28: BASI | L28: 11.472114 | M28: FB4 | N28: 3300 | O28: 386.2 | R28: XDW | S28: 7400 | T28: 00
C29: 55000 | D29: =VLOOKUP($K29,$R:$T,2,0) -> 3200 | E29: =VLOOKUP($K29,$R:$T,3,0) -> 32 | G29: =-L29 -> -645.27835 | K29: BLK | L29: 645.27835 | M29: FB4 | N29: 7200 | O29: 13686.47 | R29: WD2 | S29: 7450 | T29: 00
C30: 55000 | D30: =VLOOKUP($K30,$R:$T,2,0) -> 3180 | E30: =VLOOKUP($K30,$R:$T,3,0) -> 18 | G30: =-L30 -> -10.78 | K30: SHET | L30: 10.78 | M30: FB4 | N30: 7100 | O30: -421980.9 | R30: XRT | S30: 7450 | T30: 00
C31: 55000 | D31: =VLOOKUP($K31,$R:$T,2,0) -> 3999 | E31: =VLOOKUP($K31,$R:$T,3,0) -> 10 | G31: =-L31 -> 8367.9559 | K31: ADUL | L31: -8367.9559 | M31: OST | N31: 7190 | O31: -20954.82 | R31: SV2 | S31: 7900 | T31: 00
C32: 55000 | D32: =VLOOKUP($K32,$R:$T,2,0) -> 5000 | E32: =VLOOKUP($K32,$R:$T,3,0) -> 20 | G32: =-L32 -> 5.25 | K32: APL | L32: -5.25 | M32: OST | N32: 3500 | O32: -3385.87 | R32: XRS | S32: 7900 | T32: 00
C33: 55000 | D33: =VLOOKUP($K33,$R:$T,2,0) -> 3650 | E33: =VLOOKUP($K33,$R:$T,3,0) -> 65 | G33: =-L33 -> 229.46497 | K33: ART | L33: -229.46497 | M33: OST | N33: 2300 | O33: 667.53 | R33: SD2 | S33: 7990 | T33: 00
C34: 55000 | D34: =VLOOKUP($K34,$R:$T,2,0) -> 3150 | E34: =VLOOKUP($K34,$R:$T,3,0) -> 15 | G34: =-L34 -> -5.220251 | K34: BASI | L34: 5.220251 | M34: OST | N34: 3999 | O34: -12976.93 | R34: XDS | S34: 7990 | T34: 00
C35: 55000 | D35: =VLOOKUP($K35,$R:$T,2,0) -> 3550 | E35: =VLOOKUP($K35,$R:$T,3,0) -> 55 | G35: =-L35 -> 520.50301 | K35: BATH | L35: -520.50301 | M35: OST | N35: Grand Total | O35: -1127873.7 | R35: SAV | S35: 7700 | T35: 00
C36: 55000 | D36: =VLOOKUP($K36,$R:$T,2,0) -> 3200 | E36: =VLOOKUP($K36,$R:$T,3,0) -> 32 | G36: =-L36 -> 722.04905 | K36: BLK | L36: -722.04905 | M36: OST | R36: SCS | S36: 1600 | T36: 00
C37: 55000 | D37: =VLOOKUP($K37,$R:$T,2,0) -> 3500 | E37: =VLOOKUP($K37,$R:$T,3,0) -> 50 | G37: =-L37 -> 187.37733 | K37: FUR | L37: -187.37733 | M37: OST
C38: 55000 | D38: =VLOOKUP($K38,$R:$T,2,0) -> 3800 | E38: =VLOOKUP($K38,$R:$T,3,0) -> 80 | G38: =-L38 -> 143.81008 | K38: LGT | L38: -143.81008 | M38: OST | R38: SDC | S38: 7790 | T38: 00
C39: 55000 | D39: =VLOOKUP($K39,$R:$T,2,0) -> 3300 | E39: =VLOOKUP($K39,$R:$T,3,0) -> 40 | G39: =-L39 -> 15.316456 | K39: PETB | L39: -15.316456 | M39: OST | R39: SV3 | S39: 7100 | T39: 00
C40: 55000 | D40: =VLOOKUP($K40,$R:$T,2,0) -> 3180 | E40: =VLOOKUP($K40,$R:$T,3,0) -> 18 | G40: =-L40 -> 249.69556 | K40: SHET | L40: -249.69556 | M40: OST | R40: SV3 | S40: 7100 | T40: 00
C41: 55000 | D41: =VLOOKUP($K41,$R:$T,2,0) -> 3600 | E41: =VLOOKUP($K41,$R:$T,3,0) -> 60 | G41: =-L41 -> 2017.2675 | K41: WIN | L41: -2017.2675 | M41: OST | R41: SD3 | S41: 7190 | T41: 00 | U41: Group SD4 with SV4 for this month
C42: 55000 | D42: =VLOOKUP($K42,$R:$T,2,0) -> 3130 | E42: =VLOOKUP($K42,$R:$T,3,0) -> 13 | G42: =-L42 -> 523.46469 | K42: YOUT | L42: -523.46469 | M42: OST | R42: SV4 | S42: 7200 | T42: 00
C43: 55000 | D43: 3300 | E43: 40 | G43: =IFERROR(-VLOOKUP(D43,$N$17:$O$35,2,FALSE),0) -> -386.2 | R43: SD4 | S43: 7200 | T43: 00
C44: 55000 | D44: 3500 | E44: 50 | G44: =IFERROR(-VLOOKUP(D44,$N$17:$O$35,2,FALSE),0) -> 3385.87
C45: 55000 | D45: 9000 | E45: 00 | G45: =IFERROR(-VLOOKUP(D45,$N$17:$O$35,2,FALSE),0) -> 223.23
C46: 55000 | D46: 7700 | E46: 00 | G46: =IFERROR(-VLOOKUP(D46,$N$17:$O$35,2,FALSE),0) -> -1503.57 | O46: G/L | R46: Div | S46: Dept
C47: 55000 | D47: 7790 | E47: 00 | G47: =IFERROR(-VLOOKUP(D47,$N$17:$O$35,2,FALSE),0) -> -15842.44 | R47: ADUL | S47: 3999 | T47: 10
C48: 55000 | D48: 7990 | E48: 00 | G48: =IFERROR(-VLOOKUP(D48,$N$17:$O$35,2,FALSE),0) -> 736759.19 | N48: CU | O48: Row Labels | P48: Sum of FC amount | R48: APL | S48: 5000 | T48: 20
C49: 55000 | D49: 7900 | E49: 00 | G49: =IFERROR(-VLOOKUP(D49,$N$17:$O$35,2,FALSE),0) -> -14112.94 | N49: =VLOOKUP(O49,$R$13:$S$43,2,FALSE) -> 5000 | O49: FB1 | P49: =ROUND(IFERROR(VLOOKUP(O49,$O$84:$P$106,2,FALSE),0),2) -> 22305.06 | R49: ART | S49: 3650 | T49: 65
C50: 55000 | D50: 7450 | E50: 00 | G50: =IFERROR(-VLOOKUP(D50,$N$17:$O$35,2,FALSE),0) -> 220.04 | N50: =VLOOKUP(O50,$R$13:$S$43,2,FALSE) -> 3300 | O50: FB2 | P50: =ROUND(IFERROR(VLOOKUP(O50,$O$84:$P$106,2,FALSE),0),2) -> 386.2 | R50: ARTU | S50: 3650 | T50: 65
C51: 55000 | D51: 7400 | E51: 00 | G51: =IFERROR(-VLOOKUP(D51,$N$17:$O$35,2,FALSE),0) -> -123.03 | N51: =VLOOKUP(O51,$R$13:$S$43,2,FALSE) -> 2300 | O51: FB4 | P51: =ROUND(IFERROR(VLOOKUP(O51,$O$84:$P$106,2,FALSE),0),2) -> 667.53 | R51: BASI | S51: 3150 | T51: 15
C52: 55000 | D52: 7100 | E52: 00 | G52: =IFERROR(-VLOOKUP(D52,$N$17:$O$35,2,FALSE),0) -> 421980.9 | K52: =F55+P107 -> 0.004981 | N52: =VLOOKUP(O52,$R$13:$S$43,2,FALSE) -> 9000 | O52: FBA | P52: =ROUND(IFERROR(VLOOKUP(O52,$O$84:$P$106,2,FALSE),0),2) -> -223.23 | R52: BATH | S52: 3550 | T52: 55
C53: 55000 | D53: 7200 | E53: 00 | G53: =IFERROR(-VLOOKUP(D53,$N$17:$O$35,2,FALSE),0) -> -13686.47 | N53: =VLOOKUP(O53,$R$13:$S$43,2,FALSE) -> 3999 | O53: OST | P53: =ROUND(IFERROR(VLOOKUP(O53,$O$84:$P$106,2,FALSE),0),2) -> -12976.93 | R53: PETMFG | S53: 3301 | T53: 41
C54: 55000 | D54: 7190 | E54: 00 | G54: =IFERROR(-VLOOKUP(D54,$N$17:$O$35,2,FALSE),0) -> 20954.82 | N54: =VLOOKUP(O54,$R$13:$S$43,2,FALSE) -> 3500 | O54: WAY | P54: =ROUND(IFERROR(VLOOKUP(O54,$O$84:$P$106,2,FALSE),0),2) -> -3385.87 | R54: BLK | S54: 3200 | T54: 32
C55: 55000 | D55: 0000 | E55: 00 | F55: =SUM(G21:G54) -> 1127873.7 | N55: =VLOOKUP(O55,$R$13:$S$43,2,FALSE) -> 2300 | O55: LA4 | P55: =ROUND(IFERROR(VLOOKUP(O55,$O$84:$P$106,2,FALSE),0),2) -> 0 | R55: FUR | S55: 3500 | T55: 50
N56: =VLOOKUP(O56,$R$13:$S$43,2,FALSE) -> 7250 | O56: LCS | P56: =ROUND(IFERROR(VLOOKUP(O56,$O$84:$P$106,2,FALSE),0),2) -> 0 | R56: LGT | S56: 3800 | T56: 80
A57: 3 | B57: 137448 | C57: 56000 | D57: 0000 | E57: 00 | F57: 107861.23 | H57: =I57&$M$11 -> RC GL# 56000 to 50000 - MAY'21 | I57: RC GL# 56000 to 50000 - | N57: =VLOOKUP(O57,$R$13:$S$43,2,FALSE) -> 7250 | O57: LVM | P57: =ROUND(IFERROR(VLOOKUP(O57,$O$84:$P$106,2,FALSE),0),2) -> 0 | R57: PET | S57: 3300 | T57: 40
C58: 50000 | D58: 0000 | E58: 00 | G58: =F57 -> 107861.23 | H58: =I58&$M$11 -> RC GL# 56000 to 50000 - MAY'21 | I58: RC GL# 56000 to 50000 - | N58: =VLOOKUP(O58,$R$13:$S$43,2,FALSE) -> 7700 | O58: SAV | P58: =ROUND(IFERROR(VLOOKUP(O58,$O$84:$P$106,2,FALSE),0),2) -> 1503.57 | R58: SHET | S58: 3180 | T58: 18
N59: 7900 | O59: SCS | P59: =ROUND(IFERROR(VLOOKUP(O59,$O$84:$P$106,2,FALSE),0),2) -> 4450.4 | R59: RUG | S59: 3000 | T59: 30
N60: =VLOOKUP(O60,$R$13:$S$43,2,FALSE) -> 7900 | O60: SV2 | P60: =ROUND(IFERROR(VLOOKUP(O60,$O$84:$P$106,2,FALSE),0),2) -> 9662.54 | R60: WIN | S60: 3600 | T60: 60
N61: =VLOOKUP(O61,$R$13:$S$43,2,FALSE) -> 7200 | O61: SV4 | P61: =ROUND(IFERROR(VLOOKUP(O61,$O$84:$P$106,2,FALSE),0),2) -> 13686.47 | R61: YOUT | S61: 3130 | T61: 13
N62: =VLOOKUP(O62,$R$13:$S$43,2,FALSE) -> 7200 | O62: SD4 | P62: =ROUND(IFERROR(VLOOKUP(O62,$O$84:$P$106,2,FALSE),0),2) -> 0 | R62: ACC | S62: 3850 | T62: 85
N63: =VLOOKUP(O63,$R$13:$S$43,2,FALSE) -> 7100 | O63: SV3 | P63: =ROUND(IFERROR(VLOOKUP(O63,$O$84:$P$106,2,FALSE),0),2)+P98 -> -413154.96 | R63: PETB | S63: 3300 | T63: 40
A64: COMMENTS: | F64: =SUM(F18:F63) -> 1235735 | G64: =SUM(G18:G63) -> 1235735 | N64: =VLOOKUP(O64,$R$13:$S$43,2,FALSE) -> 7450 | O64: WD2 | P64: =ROUND(IFERROR(VLOOKUP(O64,$O$84:$P$106,2,FALSE),0),2) -> -220.04 | R64: FAB | S64: 2040 | T64: 70
G65: =F64-G64 -> 0 | N65: =VLOOKUP(O65,$R$13:$S$43,2,FALSE) -> 7400 | O65: WOD | P65: =ROUND(IFERROR(VLOOKUP(O65,$O$84:$P$106,2,FALSE),0),2) -> -89.59
N66: =VLOOKUP(O66,$R$13:$S$43,2,FALSE) -> 7250 | O66: XRL | P66: =ROUND(IFERROR(VLOOKUP(O66,$O$84:$P$106,2,FALSE),0),2) -> 0
N67: 7450 | O67: XRT | P67: =ROUND(IFERROR(VLOOKUP(O67,$O$84:$P$106,2,FALSE),0),2) -> 0
N68: 7100 | O68: XR3 | P68: =ROUND(IFERROR(VLOOKUP(O68,$O$84:$P$106,2,FALSE),0),2) -> -8825.94
F69: =F55-1153814.21 -> -25940.465 | G69: Remain in CC 0000 | N69: =VLOOKUP(O69,$R$13:$S$43,2,FALSE) -> 7900 | O69: XRS | P69: =ROUND(IFERROR(VLOOKUP(O69,$O$84:$P$106,2,FALSE),0),2) -> 0
N70: =VLOOKUP(O70,$R$13:$S$43,2,FALSE) -> 7400 | O70: XRW | P70: =ROUND(IFERROR(VLOOKUP(O70,$O$84:$P$106,2,FALSE),0),2) -> 0 | Q70: CO001
N71: =VLOOKUP(O71,$R$13:$S$43,2,FALSE) -> 7290 | O71: XDL | P71: =ROUND(IFERROR(VLOOKUP(O71,$O$84:$P$106,2,FALSE),0),2) -> 0
N72: =VLOOKUP(O72,$R$13:$S$43,2,FALSE) -> 7990 | O72: XDS | P72: =ROUND(IFERROR(VLOOKUP(O72,$O$84:$P$106,2,FALSE),0),2) -> 0
N73: =VLOOKUP(O73,$R$13:$S$43,2,FALSE) -> 7400 | O73: XDW | P73: =ROUND(IFERROR(VLOOKUP(O73,$O$84:$P$106,2,FALSE),0),2) -> 0
N74: =VLOOKUP(O74,$R$13:$S$43,2,FALSE) -> 7290 | O74: LDC | P74: =ROUND(IFERROR(VLOOKUP(O74,$O$84:$P$106,2,FALSE),0),2) -> 0
N75: =VLOOKUP(O75,$R$13:$S$43,2,FALSE) -> 7990 | O75: SD2 | P75: =ROUND(IFERROR(VLOOKUP(O75,$O$84:$P$106,2,FALSE),0),2) -> -736759.19
N76: =VLOOKUP(O76,$R$13:$S$43,2,FALSE) -> 7190 | O76: SD3 | P76: =ROUND(IFERROR(VLOOKUP(O76,$O$84:$P$106,2,FALSE),0),2) -> -20954.82
N77: =VLOOKUP(O77,$R$13:$S$43,2,FALSE) -> 7790 | O77: SDC | P77: =ROUND(IFERROR(VLOOKUP(O77,$O$84:$P$106,2,FALSE),0),2) -> 15842.44
N78: =VLOOKUP(O78,$R$13:$S$43,2,FALSE) -> 7400 | O78: WDC | P78: =ROUND(IFERROR(VLOOKUP(O78,$O$84:$P$106,2,FALSE),0),2) -> 212.62 | Q78: CO111
O79: Total | P79: =SUM(P49:P78) -> -1127873.7
O82: G/L | P82: 55000 | Q82: *** Copy from 55/56 report
O84: Row Labels | P84: Sum of FC amount
O85: FB1 | P85: 22305.06
O86: FB2 | P86: 386.2
O87: FB4 | P87: 667.53
O88: FBA | P88: -223.23
O89: OST | P89: -12976.93
O90: SAV | P90: 1503.57
O91: SCS | P91: 4450.4
O92: SD2 | P92: -736759.19
O93: SD3 | P93: -20954.82
O94: SDC | P94: 15842.44
O95: SV2 | P95: 9662.54
O96: SV3 | P96: -403943.84
O97: SV4 | P97: 13686.47
O98: TRS | P98: -9211.12 | Q98: Note: Manually added to SV3
O99: WAY | P99: -3385.87
O100: WD2 | P100: -220.04
O101: WDC | P101: 212.62
O102: WOD | P102: -89.59
O103: XR3 | P103: -8825.94
O107: Grand Total | P107: =SUM(P85:P106) -> -1127873.7
P109: =P79-P107 -> 0
A171: File Location: | C171: S:\L\ACCOUNTING NEW\General Accountants\Co 001 & 111 - E&E Co., Ltd\Inventory\2019\06-2019\6. 5556

Sheet JV-5556-NOT Reverse - Done (2)
C1: E / E Co. Ltd. | H1: JV # | I1: 55/56 R/C
C2: JOURNAL VOUCHER "JV" | H2: ENTRY # | I2: 22001053
H3: POSTING #
A5: 43861 | C5: TRANSACTION DATE
A6: 7 | C6: ACCOUNTING MONTH | G6: PREPARED BY | H6: Hannah Duong | I6: DATE | J6: =NOW() -> 44361.415
A7: N | C7: Reversing Entry | G7: INPUT BY | H7: Hannah Duong | I7: DATE
A9: EG: | E9: BATCH DESCRIPTION | G9: APPROVED BY | I9: DATE
A13: ENTRY | B13: REF | C13: GL ACCT | D13: Cost | E13: Cost | F13: DEBIT | G13: CREDIT | H13: REFERENCE | P13: FBA | Q13: 9000 | R13: 00
A14: NO | B14: NO. | C14: NO. | D14: Center | E14: Unit | P14: FB1 | Q14: 5000 | R14: 20
A15: 1 | B15: 135043 | C15: 55000 | D15: 3300 | E15: 00 | H15: Reclass Inventory Adjustment CC and CU - Oct 2019 | P15: FB2 | Q15: 3300 | R15: 40
C16: 55000 | D16: 0000 | E16: 00 | H16: Reclass Inventory Adjustment CC and CU - Oct 2019 | P16: FB4 | Q16: 2300
L17: Row Labels | M17: Sum of Sum of FC amount | P17: LA4 | Q17: 2300
L18: 7250 | M18: 0 | P18: WAY | Q18: 3500 | R18: 50
L19: 7290 | M19: 0 | P19: LVM | Q19: 7250 | R19: 00
L20: 7400 | M20: 0 | P20: XRL | Q20: 7250 | R20: 00
A21: 1 | B21: 135620 | C21: 55000 | D21: 5000 | E21: 20 | G21: =IFERROR(-VLOOKUP(D21,$L$17:$M$33,2,FALSE),0) -> 0 | L21: 7450 | M21: 0 | P21: LDC | Q21: 7290 | R21: 00
C22: 55000 | D22: 2300 | E22: 15 | L22: 7700 | M22: 0 | P22: XDL | Q22: 7290 | R22: 00
C23: 55000 | D23: 2300 | E23: 32 | L23: 7900 | M23: 36648.23 | P23: LCS | Q23: 7250 | R23: 00
C24: 55000 | D24: 2300 | E24: 18 | L24: 7990 | M24: 30559.9 | P24: WOD | Q24: 7400 | R24: 00
C25: 55000 | D25: 3300 | E25: 40 | G25: =IFERROR(-VLOOKUP(D25,$L$17:$M$33,2,FALSE),0) -> 0 | L25: 7790 | M25: 0 | P25: WDC | Q25: 7400 | R25: 00
C26: 55000 | D26: 3500 | E26: 50 | G26: =IFERROR(-VLOOKUP(D26,$L$17:$M$33,2,FALSE),0) -> 0 | L26: 9000 | M26: 0 | P26: XRW | Q26: 7400 | R26: 00
C27: 55000 | D27: 9000 | E27: 00 | G27: =IFERROR(-VLOOKUP(D27,$L$17:$M$33,2,FALSE),0) -> 0 | L27: 5000 | M27: 0 | P27: XDW | Q27: 7400 | R27: 00
C28: 55000 | D28: 7290 | E28: 00 | G28: =IFERROR(-VLOOKUP(D28,$L$17:$M$33,2,FALSE),0) -> 0 | L28: 3300 | M28: 0 | P28: WD2 | Q28: 7450 | R28: 00
C29: 55000 | D29: 7250 | E29: 00 | G29: =IFERROR(-VLOOKUP(D29,$L$17:$M$33,2,FALSE),0) -> 0 | L29: 7200 | M29: 0 | P29: XRT | Q29: 7450 | R29: 00
C30: 55000 | D30: 7700 | E30: 00 | G30: =IFERROR(-VLOOKUP(D30,$L$17:$M$33,2,FALSE),0) -> 0 | L30: 7100 | M30: 122226.84 | P30: SV2 | Q30: 7900 | R30: 00
C31: 55000 | D31: 7990 | E31: 00 | G31: =IFERROR(-VLOOKUP(D31,$L$17:$M$33,2,FALSE),0) -> -30559.9 | H31: RC shipping & receiving error to GL#55000 - Jan 20 | L31: 7190 | M31: 256 | P31: XRS | Q31: 7900 | R31: 00
C32: 55000 | D32: 7790 | E32: 00 | G32: =IFERROR(-VLOOKUP(D32,$L$17:$M$33,2,FALSE),0) -> 0 | L32: 3500 | M32: 0 | P32: SD2 | Q32: 7990 | R32: 00
C33: 55000 | D33: 7900 | E33: 00 | G33: =IFERROR(-VLOOKUP(D33,$L$17:$M$33,2,FALSE),0) -> -36648.23 | H33: RC shipping & receiving error to GL#55000 - Jan 20 | L33: 2300 | M33: 0 | P33: XDS | Q33: 7990 | R33: 00
C34: 55000 | D34: 7450 | E34: 00 | G34: =IFERROR(-VLOOKUP(D34,$L$17:$M$33,2,FALSE),0) -> 0 | L34: Grand Total | M34: 189690.97 | P34: SAV | Q34: 7700 | R34: 00
C35: 55000 | D35: 7400 | E35: 00 | G35: =IFERROR(-VLOOKUP(D35,$L$17:$M$33,2,FALSE),0) -> 0 | P35: SCS | Q35: 1600 | R35: 00
C36: 55000 | D36: 7100 | E36: 00 | G36: =IFERROR(-VLOOKUP(D36,$L$17:$M$33,2,FALSE),0) -> -122226.84 | H36: RC shipping & receiving error to GL#55000 - Jan 20
C37: 55000 | D37: 7200 | E37: 00 | G37: =IFERROR(-VLOOKUP(D37,$L$17:$M$33,2,FALSE),0) -> 0 | P37: SDC | Q37: 7790 | R37: 00
C38: 55000 | D38: 7190 | E38: 00 | G38: =IFERROR(-VLOOKUP(D38,$L$17:$M$33,2,FALSE),0) -> -256 | H38: RC shipping & receiving error to GL#55000 - Jan 20 | P38: SV3 | Q38: 7100 | R38: 00
C39: 55000 | D39: 1600 | E39: 00 | G39: =IFERROR(-VLOOKUP(D39,$L$17:$M$33,2,FALSE),0) -> 0
C40: 55000 | D40: 0000 | E40: 00 | F40: =SUM(G21:G39) -> -189690.97 | H40: RC shipping & receiving error to GL#55000 - Jan 20 | P40: SDC | Q40: 7790 | R40: 00
P41: SV3 | Q41: 7100 | R41: 00
P42: SD3 | Q42: 7190 | R42: 00 | S42: Group SD4 with SV4 for this month
P43: SV4 | Q43: 7200 | R43: 00
P44: SD4 | Q44: 7200 | R44: 00
M48: G/L | N48: 55000
A49: COMMENTS: | F49: =SUM(F21:F48) -> -189690.97 | G49: =SUM(G21:G48) -> -189690.97
G50: =F49-G49 -> 0 | L50: CU | M50: Row Labels | N50: Sum of FC amount
L51: =VLOOKUP(M51,$P$13:$Q$44,2,FALSE) -> 5000 | M51: FB1 | N51: =ROUND(IFERROR(VLOOKUP(M51,$M$84:$N$102,2,FALSE),0),2) -> 0
L52: =VLOOKUP(M52,$P$13:$Q$44,2,FALSE) -> 3300 | M52: FB2 | N52: =ROUND(IFERROR(VLOOKUP(M52,$M$84:$N$102,2,FALSE),0),2) -> 0
L53: =VLOOKUP(M53,$P$13:$Q$44,2,FALSE) -> 2300 | M53: FB4 | N53: =ROUND(IFERROR(VLOOKUP(M53,$M$84:$N$102,2,FALSE),0),2) -> 0
L54: =VLOOKUP(M54,$P$13:$Q$44,2,FALSE) -> 9000 | M54: FBA | N54: =ROUND(IFERROR(VLOOKUP(M54,$M$84:$N$102,2,FALSE),0),2) -> 0
L55: =VLOOKUP(M55,$P$13:$Q$44,2,FALSE) -> 3500 | M55: WAY | N55: =ROUND(IFERROR(VLOOKUP(M55,$M$84:$N$102,2,FALSE),0),2) -> 0
L56: =VLOOKUP(M56,$P$13:$Q$44,2,FALSE) -> 2300 | M56: LA4 | N56: =ROUND(IFERROR(VLOOKUP(M56,$M$84:$N$102,2,FALSE),0),2) -> 0
L57: =VLOOKUP(M57,$P$13:$Q$44,2,FALSE) -> 7250 | M57: LCS | N57: =ROUND(IFERROR(VLOOKUP(M57,$M$84:$N$102,2,FALSE),0),2) -> 0
L58: =VLOOKUP(M58,$P$13:$Q$44,2,FALSE) -> 7250 | M58: LVM | N58: =ROUND(IFERROR(VLOOKUP(M58,$M$84:$N$102,2,FALSE),0),2) -> 0
L59: =VLOOKUP(M59,$P$13:$Q$44,2,FALSE) -> 7700 | M59: SAV | N59: =ROUND(IFERROR(VLOOKUP(M59,$M$84:$N$102,2,FALSE),0),2) -> 0
L60: 7900 | M60: SCS | N60: =ROUND(IFERROR(VLOOKUP(M60,$M$84:$N$102,2,FALSE),0),2) -> 36.78
L61: =VLOOKUP(M61,$P$13:$Q$44,2,FALSE) -> 7900 | M61: SV2 | N61: =ROUND(IFERROR(VLOOKUP(M61,$M$84:$N$102,2,FALSE),0),2) -> 36611.45
L62: =VLOOKUP(M62,$P$13:$Q$44,2,FALSE) -> 7200 | M62: SV4 | N62: =ROUND(IFERROR(VLOOKUP(M62,$M$84:$N$102,2,FALSE),0),2) -> 0
L63: =VLOOKUP(M63,$P$13:$Q$44,2,FALSE) -> 7200 | M63: SD4 | N63: =ROUND(IFERROR(VLOOKUP(M63,$M$84:$N$102,2,FALSE),0),2) -> 0
L64: =VLOOKUP(M64,$P$13:$Q$44,2,FALSE) -> 7100 | M64: SV3 | N64: =ROUND(IFERROR(VLOOKUP(M64,$M$84:$N$102,2,FALSE),0),2) -> 122226.84
L65: =VLOOKUP(M65,$P$13:$Q$44,2,FALSE) -> 7190 | M65: SD3 | N65: =ROUND(IFERROR(VLOOKUP(M65,$M$84:$N$102,2,FALSE),0),2) -> 256
L66: =VLOOKUP(M66,$P$13:$Q$44,2,FALSE) -> 7450 | M66: WD2 | N66: =ROUND(IFERROR(VLOOKUP(M66,$M$84:$N$102,2,FALSE),0),2) -> 0
L67: =VLOOKUP(M67,$P$13:$Q$44,2,FALSE) -> 7400 | M67: WOD | N67: =ROUND(IFERROR(VLOOKUP(M67,$M$84:$N$102,2,FALSE),0),2) -> 0
L68: =VLOOKUP(M68,$P$13:$Q$44,2,FALSE) -> 7250 | M68: XRL | N68: =ROUND(IFERROR(VLOOKUP(M68,$M$84:$N$102,2,FALSE),0),2) -> 0
L69: 7450 | M69: XRT | N69: =ROUND(IFERROR(VLOOKUP(M69,$M$84:$N$102,2,FALSE),0),2) -> 0
L70: =VLOOKUP(M70,$P$13:$Q$44,2,FALSE) -> 7900 | M70: XRS | N70: =ROUND(IFERROR(VLOOKUP(M70,$M$84:$N$102,2,FALSE),0),2) -> 0
L71: =VLOOKUP(M71,$P$13:$Q$44,2,FALSE) -> 7400 | M71: XRW | N71: =ROUND(IFERROR(VLOOKUP(M71,$M$84:$N$102,2,FALSE),0),2) -> 0 | O71: CO001
L72: =VLOOKUP(M72,$P$13:$Q$44,2,FALSE) -> 7290 | M72: XDL | N72: =ROUND(IFERROR(VLOOKUP(M72,$M$84:$N$102,2,FALSE),0),2) -> 0
L73: =VLOOKUP(M73,$P$13:$Q$44,2,FALSE) -> 7990 | M73: XDS | N73: =ROUND(IFERROR(VLOOKUP(M73,$M$84:$N$102,2,FALSE),0),2) -> 0
L74: =VLOOKUP(M74,$P$13:$Q$44,2,FALSE) -> 7400 | M74: XDW | N74: =ROUND(IFERROR(VLOOKUP(M74,$M$84:$N$102,2,FALSE),0),2) -> 0
L75: =VLOOKUP(M75,$P$13:$Q$44,2,FALSE) -> 7290 | M75: LDC | N75: =ROUND(IFERROR(VLOOKUP(M75,$M$84:$N$102,2,FALSE),0),2) -> 0
L76: =VLOOKUP(M76,$P$13:$Q$44,2,FALSE) -> 7990 | M76: SD2 | N76: =ROUND(IFERROR(VLOOKUP(M76,$M$84:$N$102,2,FALSE),0),2) -> 30559.9
L77: =VLOOKUP(M77,$P$13:$Q$44,2,FALSE) -> 7790 | M77: SDC | N77: =ROUND(IFERROR(VLOOKUP(M77,$M$84:$N$102,2,FALSE),0),2) -> 0
L78: =VLOOKUP(M78,$P$13:$Q$44,2,FALSE) -> 7400 | M78: WDC | N78: =ROUND(IFERROR(VLOOKUP(M78,$M$84:$N$102,2,FALSE),0),2) -> 0 | O78: CO111
M79: Total | N79: =SUM(N51:N78) -> 189690.97
M82: G/L | N82: 55000
M84: Row Labels | N84: Sum of FC amount
M85: SCS | N85: 36.776151
M86: SD3 | N86: 256
M87: SV3 | N87: 122226.84
M88: SD2 | N88: 30559.904
M89: SV2 | N89: 36611.453
E90: SCS | F90: 36.776151
E91: SD3 | F91: 256
E92: SV3 | F92: 122226.84
E93: SD2 | F93: 30559.904
E94: SV2 | F94: 36611.453
E95: Grand Total | F95: =SUM(F90:F94) -> 189690.97
M103: Grand Total | N103: =SUM(N85:N102) -> 189690.97
A156: File Location: | C156: S:\L\ACCOUNTING NEW\General Accountants\Co 001 & 111 - E&E Co., Ltd\Inventory\2019\06-2019\6. 5556

Sheet JV-12055-NOT Reverse - Done
C1: E & E Co. Ltd. | H1: JV # | I1: JV- 12055
C2: JOURNAL VOUCHER "JV" | H2: ENTRY # | I2: 23001144
H3: POSTING #
A5: ='JV-5556-NOT Reverse-Done '!A5:B5 -> 44316 | C5: TRANSACTION DATE
A6: ='JV-5556-NOT Reverse-Done '!A6:B6 -> 10 | C6: ACCOUNTING MONTH | G6: PREPARED BY | H6: Hannah D | I6: DATE | J6: =TODAY() -> 44361
A7: N | C7: Reversing Entry | G7: INPUT BY | H7: Hannah D | I7: DATE
A9: EG: | E9: BATCH DESCRIPTION | G9: APPROVED BY | I9: DATE
A13: ENTRY | B13: REF | C13: GL ACCT | D13: Cost | E13: Cost | F13: DEBIT | G13: CREDIT | H13: REFERENCE
A14: NO | B14: NO. | C14: NO. | D14: Center | E14: Unit | L14: APR'21
A16: 1 | B16: 137698 | C16: 12055 | D16: 0000 | E16: 00 | G16: 155.71 | H16: =I16&$L$14 -> To zero out 12055 in 001 - APR'21 | I16: To zero out 12055 in 001 -
C17: 50000 | D17: 0000 | E17: 00 | F17: 155.71 | G17: =F16 -> 0 | H17: =I17&$L$14 -> To zero out 12055 in 001 - APR'21 | I17: To zero out 12055 in 001 -
F28: =SUM(F15:F27) -> 155.71 | G28: =SUM(G15:G27) -> 155.71 | H28: TOTALS (REQUIRED)
G29: =F28-G28 -> 0
A32: COMMENTS:
A36: ENTRY | B36: REF | C36: GL ACCT | D36: Cost | E36: Cost | F36: DEBIT | G36: CREDIT | H36: REFERENCE
A37: NO | B37: NO. | C37: NO. | D37: Center | E37: Unit
A42: 1 | C42: 12055 | D42: 0000 | E42: 00 | H42: To zero out 12055 in 111- Aug 19
C43: 12000 | D43: 0000 | E43: 00 | H43: To zero out 12055 in 111- Aug 19
C45: 12055 | D45: 0000 | E45: 00 | H45: To zero out 12055 in 111- Aug 19
C46: 50000 | D46: 0000 | E46: 00 | H46: To zero out 12055 in 111- Aug 19
F65: =SUM(F38:F64) -> 0 | G65: =SUM(G38:G64) -> 0 | H65: TOTALS (REQUIRED)
A71: File Location:
C72: S:\L\ACCOUNTING NEW\General Accountants\Co 001 & 111 - E&E Co., Ltd\Inventory\2019\02-2019\Supports for JV\Macola\CO 001 GL 12055 Rec - Feb 19

Sheet JV-12055- Reverse-Done
C1: E & E Co. Ltd. | H1: JV # | I1: JV2 - 12055
C2: JOURNAL VOUCHER "JV" | H2: ENTRY # | I2: 22000712
H3: POSTING #
A5: 43799 | C5: TRANSACTION DATE
A6: 5 | C6: ACCOUNTING MONTH | G6: PREPARED BY | H6: Hannah Duong | I6: DATE | J6: =TODAY() -> 44361
A7: Y | C7: Reversing Entry | G7: INPUT BY | H7: Hannah Duong | I7: DATE
A9: EG: | E9: BATCH DESCRIPTION | G9: APPROVED BY | I9: DATE
A13: ENTRY | B13: REF | C13: GL ACCT | D13: Cost | E13: Cost | F13: DEBIT | G13: CREDIT | H13: REFERENCE
A14: NO | B14: NO. | C14: NO. | D14: Center | E14: Unit
A16: 1 | B16: 133936 | C16: 12055 | D16: 0000 | E16: 00 | F16: 174.63 | H16: Timing Difference-Nov 19
C17: 12000 | D17: 0000 | E17: 00 | G17: 174.63 | H17: =H16 -> Timing Difference-Nov 19
F26: =SUM(F15:F25) -> 174.63 | G26: =SUM(G15:G25) -> 174.63 | H26: TOTALS (REQUIRED)
A27: COMMENTS: | G27: =F26-G26 -> 0
A75: File Location: | C75: S:\L\ACCOUNTING NEW\General Accountants\Co 001 & 111 - E&E Co., Ltd\Inventory\2019\02-2019\Supports for JV\Macola\CO 001 GL 12055 Rec - Feb 19

Sheet JV-12055-CO111-NOT Reverse
C1: E & E Co. Ltd. | H1: JV # | I1: JV-12055-CO111
C2: JOURNAL VOUCHER "JV" | H2: ENTRY # | I2: 21000044
H3: POSTING #
A5: ='JV-12055-NOT Reverse - Done'!$A$5:$B$5 -> 44316 | C5: TRANSACTION DATE
A6: ='JV-12055-NOT Reverse - Done'!$A$6:$B$6 -> 10 | C6: ACCOUNTING MONTH | G6: PREPARED BY | H6: Tracy | I6: DATE | J6: 43446
A7: N | C7: Reversing Entry | G7: INPUT BY | I7: DATE
A9: EG: | E9: BATCH DESCRIPTION | G9: APPROVED BY | I9: DATE
A13: ENTRY | B13: REF | C13: GL ACCT | D13: Cost | E13: Cost | F13: DEBIT | G13: CREDIT | H13: REFERENCE
A14: NO | B14: NO. | C14: NO. | D14: Center | E14: Unit
A16: 1 | C16: 12055 | D16: 0000 | E16: 00 | F16: 7.78 | H16: To zero out 12055- Feb 19
C17: 50000 | D17: 0000 | E17: 00 | G17: 7.78 | H17: =H16 -> To zero out 12055- Feb 19
A38: 2
F42: =SUM(F15:F41) -> 7.78 | G42: =SUM(G15:G41) -> 7.78 | H42: TOTALS (REQUIRED)
A43: COMMENTS: | G43: =F42-G42 -> 0
C44: NO JOURNAL ENTRY

Sheet JV-12000- NOT Reverse - Done
C1: E & E Co. Ltd. | H1: JV # | I1: JV-12000 Missing Cost
C2: JOURNAL VOUCHER "JV" | H2: ENTRY # | I2: 22000438
H3: POSTING #
A5: 43738 | C5: TRANSACTION DATE
A6: 3 | C6: ACCOUNTING MONTH | G6: PREPARED BY | H6: Hannah | I6: DATE | J6: =TODAY() -> 44361
A7: N | C7: Reversing Entry | G7: INPUT BY | H7: Hannah | I7: DATE
A9: EG: | E9: BATCH DESCRIPTION | G9: APPROVED BY | I9: DATE
A13: ENTRY | B13: REF | C13: GL ACCT | D13: Cost | E13: Cost | F13: DEBIT | G13: CREDIT | H13: REFERENCE
A14: NO | B14: NO. | C14: NO. | D14: Center | E14: Unit
A16: 1 | B16: 134890 | C16: 50000 | D16: 0000 | E16: 00 | H16: Correct Cost Missing - Sep 2019
C17: 12000 | D17: 0000 | E17: 00 | H17: Correct Cost Missing - Sep 2019
F41: =SUM(F15:F40) -> 0 | G41: =SUM(G15:G40) -> 0 | H41: TOTALS (REQUIRED)
A42: COMMENTS: | G42: =F41-G41 -> 0

Sheet JV-53000-CO0001-NA
C1: E & E Co. Ltd. | H1: JV # | I1: JV-53000 Inventory valuation
C2: JOURNAL VOUCHER "JV" | H2: ENTRY # | I2: 23000923
H3: POSTING #
A5: 44255 | C5: TRANSACTION DATE
A6: 8 | C6: ACCOUNTING MONTH | G6: PREPARED BY | H6: ='JV-5556-NOT Reverse-Done '!H6 -> Hannah Duong | I6: DATE | J6: =TODAY() -> 44361
A7: N | C7: Reversing Entry | G7: INPUT BY | H7: =H6 -> Hannah Duong | I7: DATE
A9: EG: | E9: BATCH DESCRIPTION | G9: APPROVED BY | I9: DATE
A13: ENTRY | B13: REF | C13: GL ACCT | D13: Cost | E13: Cost | F13: DEBIT | G13: CREDIT | H13: REFERENCE
A14: NO | B14: NO. | C14: NO. | D14: Center | E14: Unit
A16: 1 | B16: 137441 | C16: 53000 | D16: 0000 | E16: 00 | H16: RC inventory adustment to cost
C17: 50000 | D17: 0000 | E17: 00 | H17: =H16 -> RC inventory adustment to cost
A19: 2
A22: 3
A37: 4
F41: =SUM(F15:F40) -> 0 | G41: =SUM(G15:G40) -> 0 | H41: TOTALS (REQUIRED)
A42: COMMENTS: | G42: =F41-G41 -> 0

Sheet JV-12000- Reverse - NA
C1: E & E Co. Ltd. | H1: JV # | I1: JV-12000 Timing Difference
C2: JOURNAL VOUCHER "JV" | H2: ENTRY # | I2: 23001050
H3: POSTING #
A5: ='JV-5556-NOT Reverse-Done '!A5:B5 -> 44316 | C5: TRANSACTION DATE
A6: ='JV-5556-NOT Reverse-Done '!A6:B6 -> 10 | C6: ACCOUNTING MONTH | G6: PREPARED BY | H6: Hannah D | I6: DATE | J6: =TODAY() -> 44361
A7: Y | C7: Reversing Entry | G7: INPUT BY | H7: =H6 -> Hannah D | I7: DATE
A9: EG: | E9: BATCH DESCRIPTION | G9: APPROVED BY | I9: DATE
A13: ENTRY | B13: REF | C13: GL ACCT | D13: Cost | E13: Cost | F13: DEBIT | G13: CREDIT | H13: REFERENCE
A14: NO | B14: NO. | C14: NO. | D14: Center | E14: Unit
A16: 1 | C16: 20010 | D16: 0000 | E16: 00 | H16: Receiving Timing Difference-FBA
C17: 12000 | D17: 0000 | E17: 00 | H17: Receiving Timing Difference-FBA
A19: 2 | C19: 20010 | D19: 0000 | E19: 00 | H19: Receiving Timing Difference-FB1
C20: 12000 | D20: 0000 | E20: 00 | H20: Receiving Timing Difference-FB1
A22: 3 | C22: 20010 | D22: 0000 | E22: 00 | H22: Receiving Timing Difference-Sep 2019-FB2
C23: 12000 | D23: 0000 | E23: 00 | H23: Receiving Timing Difference-Sep 2019-FB2
A25: 4 | B25: 137583 | C25: 50000 | D25: 0000 | E25: 00 | H25: Billing Timing Difference-Mar 2021-FB4
C26: 12000 | D26: 0000 | E26: 00 | G26: 9.17 | H26: =H25 -> Billing Timing Difference-Mar 2021-FB4
A28: 4 | C28: 50000 | D28: 0000 | E28: 00 | H28: Billing Timing Difference-Aug 2020-FB1
C29: 12000 | D29: 0000 | E29: 00 | H29: =H28 -> Billing Timing Difference-Aug 2020-FB1
A31: 5 | C31: 50000 | D31: 0000 | E31: 00 | H31: Billing Timing Difference-Sep 2019-ZZZ I TYPE INV
C32: 12000 | D32: 0000 | E32: 00 | H32: =H31 -> Billing Timing Difference-Sep 2019-ZZZ I TYPE INV
F35: =SUM(F15:F34) -> 0 | G35: =SUM(G15:G34) -> 9.17 | H35: TOTALS (REQUIRED)
A36: COMMENTS:
A41: ZZZ
A49: FB4

Sheet JV-GL#12040 Reverse - Done
C1: E & E Co. Ltd. | H1: JV # | I1: JV-4 Inv in Transit
C2: JOURNAL VOUCHER "JV" | H2: ENTRY # | I2: 23001145
H3: POSTING #
A5: ='JV-5556-NOT Reverse-Done '!A5:B5 -> 44316 | C5: TRANSACTION DATE
A6: ='JV-5556-NOT Reverse-Done '!A6:B6 -> 10 | C6: ACCOUNTING MONTH | G6: PREPARED BY | H6: Hannah | I6: DATE | J6: =TODAY() -> 44361
A7: Y | C7: Reversing Entry | G7: INPUT BY | H7: Hannah | I7: DATE
A9: EG: | E9: BATCH DESCRIPTION | G9: APPROVED BY | I9: DATE
A13: ENTRY | B13: REF | C13: GL ACCT | D13: Cost | E13: Cost | F13: DEBIT | G13: CREDIT | H13: REFERENCE
A14: NO | B14: NO. | C14: NO. | D14: Center | E14: Unit
A16: 1 | B16: 137699 | C16: 12040 | D16: 0000 | E16: 00 | F16: =G17+G18+G19 -> 36861751 | H16: Accrual Apr 2021 Inventory in Transit
C17: 20100 | D17: 0000 | E17: 00 | G17: ='Backup POE'!G84 -> 2571650.4 | H17: Accrual Apr 2021 Inventory in Transit - POE
C18: 20100 | D18: 0000 | E18: 00 | G18: ='Backup WEE'!G1027 -> 32397056 | H18: Accrual Apr 2021 Inventory in Transit - WEE
C19: 20100 | D19: 0000 | E19: 00 | G19: ='Backup CEE'!D152 -> 1893044.5 | H19: Accrual Apr 2021 Inventory in Transit - CEE
F48: =SUM(F15:F47) -> 36861751 | G48: =SUM(G15:G47) -> 36861751 | H48: TOTALS (REQUIRED)
A49: COMMENTS: | G49: =F48-G48 -> 0

Sheet JV-GL#12040 Reverse - Done  (2
C1: E & E Co. Ltd. | H1: JV # | I1: JV-4 Inv in Transit
C2: JOURNAL VOUCHER "JV" | H2: ENTRY # | I2: 22000483
H3: POSTING #
A5: 43738 | C5: TRANSACTION DATE
A6: 3 | C6: ACCOUNTING MONTH | G6: PREPARED BY | H6: Hannah | I6: DATE | J6: =TODAY() -> 44361
A7: Y | C7: Reversing Entry | G7: INPUT BY | H7: =H6 -> Hannah | I7: DATE
A9: EG: | E9: BATCH DESCRIPTION | G9: APPROVED BY | I9: DATE
A13: ENTRY | B13: REF | C13: GL ACCT | D13: Cost | E13: Cost | F13: DEBIT | G13: CREDIT | H13: REFERENCE
A14: NO | B14: NO. | C14: NO. | D14: Center | E14: Unit
A16: 1 | B16: 134957 | C16: 12040 | D16: 0000 | E16: 00 | F16: =G17 -> 97472.67 | H16: Accrual Sep 2019 Inventory in Transit
C17: 20100 | D17: 0000 | E17: 00 | G17: 97472.67 | H17: Accrual Sep 2019 Inventory in Transit - WEE
F46: =SUM(F15:F45) -> 97472.67 | G46: =SUM(G15:G45) -> 97472.67 | H46: TOTALS (REQUIRED)
A47: COMMENTS: | G47: =F46-G46 -> 0

Sheet Backup CEE
A1: CEE# | B1: EXPORTER | C1: VOUCHER INVOICE DATE (SHIP DATE) | D1: Balance Due | E1: Ship To Location
A2: CEE21040258 | B2: ANJI CHENGTAI FURNITURE FACTORY(GENERAL PARTNERSHIP) | C2: 04/12/2021 | D2: 5371.77 | E2: WAY
A3: CEE21040259 | B3: ANJI CHENGTAI FURNITURE FACTORY(GENERAL PARTNERSHIP) | C3: 04/12/2021 | D3: 5371.77 | E3: WAY
A4: CEE21040289 | B4: ANJI CHENGTAI FURNITURE FACTORY(GENERAL PARTNERSHIP) | C4: 04/17/2021 | D4: 12585.6 | E4: WAY
A5: CEE21040288 | B5: ANJI CHENGTAI FURNITURE FACTORY(GENERAL PARTNERSHIP) | C5: 04/17/2021 | D5: 5371.77 | E5: WAY
A6: CEE21040264 | B6: BEST HOME (NAN TONG) TEXTILE CO., LTD | C6: 04/08/2021 | D6: 1890 | E6: WAY
A7: CEE21030182 | B7: COUNTRY WOOD FURNITURE INDUSTRIES CO., LTD. | C7: 03/16/2021 | D7: 15520 | E7: WAY
A8: CEE21040280 | B8: COUNTRY WOOD FURNITURE INDUSTRIES CO., LTD. | C8: 04/16/2021 | D8: 16072 | E8: WAY
A9: CEE21040279 | B9: COUNTRY WOOD FURNITURE INDUSTRIES CO., LTD. | C9: 04/16/2021 | D9: 7840 | E9: WAY
A10: CEE21040278 | B10: COUNTRY WOOD FURNITURE INDUSTRIES CO., LTD. | C10: 04/16/2021 | D10: 7640 | E10: WAY
A11: CEE21040329 | B11: COUNTRY WOOD FURNITURE INDUSTRIES CO., LTD. | C11: 04/29/2021 | D11: 8200 | E11: WAY
A12: CEE21030174 | B12: CREATIVE DESIGN INDUSTRY SDN BHD | C12: 03/14/2021 | D12: 7413.56 | E12: WAY
A13: CEE21030218 | B13: CREATIVE DESIGN INDUSTRY SDN BHD | C13: 03/29/2021 | D13: 7468.65 | E13: WAY
... A148: CEE21040321 | B148: ZHONGSHAN HAO JIANG FURNITURE CO., LTD | C148: 04/29/2021 | D148: 12908.91 | E148: WAY
B152: 2021-04 CEE Accrue Value | D152: =SUM(D2:D151) -> 1893044.5

Sheet May back up
A1: W/P EE# | B1: AP PERSON | C1: VENDOR | D1: VOUCHER# | E1: REC'V DATE | F1: INV DATE | G1: COST$ AMT
A2: POE18050172-1 | B2: ANGELL | C2: DAFENG HENIEMO HOME TEXTILES CO., LTD. | D2: 340433 | E2: 43252 | F2: 05/12/2018 | G2: 14441.217
A3: POE18050172-2 | B3: ANGELL | C3: HAIYAN HENGHUI HOMETEXTILE CO., LTD | D3: 340434 | E3: 43252 | F3: 05/12/2018 | G3: 26971.784
A4: POE18050172-3 | B4: ANGELL | C4: JIANDE CITY YAOXIN KNITTING AND TEXTILES CO.,LTD. | D4: 340435 | E4: 43252 | F4: 05/12/2018 | G4: 28049.946
A5: POE18050173-1 | C5: JIAOLU TEXTILE (NANTONG) CO., LTD. | F5: 05/18/2018 | G5: 31343.04
A6: POE18050173-2 | C6: JIANGSU HOLLY EVERLASTING INC | F6: 05/18/2018 | G6: 33528
A7: POE18050173-3 | C7: NANJING JUMEI GARMENT CO.,LTD | F7: 05/18/2018 | G7: 18360
A8: POE18050173-4 | C8: ZHEJIANG WANGBIN DECORATIVE MATERIAL CO., LTD. | F8: 05/16/2018 | G8: 84464
A9: POE18050174 | B9: ANGELL | C9: ZHEJIANG WANGBIN DECORATIVE MATERIAL CO. | D9: 341188 | E9: 43257 | F9: 43236 | G9: 84464
A10: POE18050175 | B10: ANGELL | C10: YIWU TAOYE ARTS AND CRAFTS CO., LTD | D10: 340616 | E10: 43255 | F10: 05/14/2018 | G10: 18360
A11: POE18050176 | B11: ANGELL | C11: NANJING HIGH TEXTILES CORPORATION | D11: 340472 | E11: 43252 | F11: 05/07/2018 | G11: 301682.5
A12: POE18050179 | C12: BIRLA CENTURY | F12: 05/14/2018 | G12: 121209.7
A13: POE18050180 | B13: ANGELL | C13: TONGXIANG OUYI HOME TEXTILE CO., LTD | D13: 341189 | E13: 43257 | F13: 43228 | G13: 68315
A14: POE18050181 | B14: ANGELL | C14: JIANGSU KAIRUI HOME TEXTILE TEC CO., LTD | D14: 341190 | E14: 43258 | F14: 43238 | G14: 17261.7
A15: POE18050182 | B15: ANGELL | C15: QINGDAO KINGTEX CO., LTD. | D15: 341192 | E15: 43258 | F15: 43239 | G15: 13785
A16: POE18050183 | C16: INTCO INTERNATIONAL (HK) CO.,LIMITED | F16: 05/19/2018 | G16: 32324
A17: POE18050184 | C17: ZHEJIANG WANGBIN DECORATIVE MATERIAL CO., LTD. | F17: 05/23/2018 | G17: 58952.5
A18: POE18050185 | B18: ANGELL | C18: ZHEJIANG WANGBIN DECORATIVE MATERIAL CO. | D18: 341201 | E18: 43260 | F18: 43243 | G18: 12400
A19: POE18050186 | B19: ANGELL | C19: QINGDAO BRIGHT LINENS CO., LTD. | D19: 341202 | E19: 43262 | F19: 43239 | G19: 8390.48
A20: POE18050187 | C20: NANJING JUMEI GARMENT CO.,LTD | F20: 05/30/2018 | G20: 17640
A21: POE18050188 | C21: INTCO INTERNATIONAL (HK) CO.,LIMITED | F21: 05/24/2018 | G21: 26334.5
A22: POE18050189 | C22: HOMESENSE TEXTILE CO.,LTD | F22: 05/24/2018 | G22: 23487.08
A23: POE18050190-1 | C23: NANJING HIGH TEXTILES CORPORATION | F23: 05/25/2018 | G23: 72360
A24: POE18050190-2 | C24: NANJING JUMEI GARMENT CO.,LTD | F24: 05/25/2018 | G24: 45306
A25: POE18050191-1 | C25: HANGZHOU SHENGYI TEXTILE CO., LTD | F25: 05/25/2018 | G25: 35710.4
A26: POE18050191-2 | C26: QINGDAO KINGTEX CO., LTD. | F26: 05/25/2018 | G26: 9560
A27: POE18050191-3 | C27: ZHEJIANG YUANZHENG FABRIC ART CO., LTD. | F27: 05/25/2018 | G27: 12235.6
A28: POE18050191-4 | C28: SHAOXING SUNME HOME FURNISHINGS CO., LTD. | F28: 05/25/2018 | G28: 11984.8
A29: POE18050192-1 | C29: ZHEJIANG WANXIANG BEDDING CO., LTD. | F29: 05/25/2018 | G29: 17678.378
A30: POE18050192-2 | C30: NANJING HIGH TEXTILES CORPORATION | F30: 05/25/2018 | G30: 13920
A31: POE18050192-3 | C31: NANJING JUMEI GARMENT CO.,LTD | F31: 05/25/2018 | G31: 28980
... A39: POE18050200 | C39: BARI TEXTILE MILLS (PVT) LTD | F39: 05/25/2018 | G39: 131473.8
A40: POE18050203 | B40: ANGELL | C40: JIANGSU HOLLY EVERLASTING INC | D40: 341194 | E40: 43257 | F40: 43249 | G40: 5589
A41: POE18050204 | C41: INTCO INTERNATIONAL (HK) CO.,LIMITED | F41: 05/31/2018 | G41: 24814.4
A42: POE18050206 | C42: HAINING BOYANG FURNITURE CO., LTD | F42: 05/27/2018 | G42: 15120
A43: POE18050207 | C43: HAINING BOYANG FURNITURE CO., LTD | F43: 05/28/2018 | G43: 15120
A44: POE18040136 | C44: SUN GLORY LTD. | F44: 04/01/2018 | G44: 215.6
A45: POE18040149 | C45: JIANGSU GUOTAI INTERNATIONAL GROUP GUOMAO CO., LTD. | F45: 04/13/2018 | G45: 8790
A46: POE18030108 | C46: JIANGSU KAIRUI HOME TEXTILE TEC CO., LTD | F46: 03/15/2018 | G46: 20943.97
A47: POE18030110 | C47: KARRY FURNITURE LTD. | F47: 03/18/2018 | G47: 15006
A48: POE18030111 | C48: HAIYAN BOAI ART-TEXTILE CO., LTD. | F48: 03/19/2018 | G48: 20628.379
A49: POE18030112 | C49: ZHEJIANG GLORY HOME FURNISHINGS CO., LTD | F49: 03/19/2018 | G49: 23449.8
A50: POE18030113 | C50: ZHEJIANG WANGBIN DECORATIVE MATERIAL CO., LTD. | F50: 03/21/2018 | G50: 40632
A51: POE18030114 | C51: ZHEJIANG WANGBIN DECORATIVE MATERIAL CO., LTD. | F51: 03/21/2018 | G51: 11204
A52: POE18030114 | C52: YIWU TAOYE ARTS AND CRAFTS CO., LTD | F52: 03/21/2018 | G52: 7120
A53: POE18010004 | C53: TONGXIANG OUYI HOME TEXTILE CO., LTD. | F53: 01/05/2018 | G53: 152937.84
A54: WEE17112401-2 | C54: HANGZHOU BENRUSON HOME TEXTILES CO., LTD. | F54: 11/15/2017 | G54: 1152.3747 | H54: WOD
A55: WEE18040610 | C55: AMONGO DISPLAY TECHNOLOGY(SHENZHEN)CO.,LTD | F55: 02/18/2018 | G55: 0 | H55: SV2
A56: WEE18040634-1 | C56: AUDAI ELECTRIC (HONGKONG) INDUSTRIAL COMPANY | F56: 04/12/2018 | G56: 23078 | H56: SV2
A57: WEE18040634-2 | C57: GUAN HUI INTERNATIONAL TRADING CO.,LIMITED | F57: 04/12/2018 | G57: 3125.78 | H57: SV2
A58: WEE18040639 | C58: GUL AHMED TEXTILES | F58: 04/04/2018 | G58: 30539.01 | H58: WOD
A59: WEE18040653 | C59: BAZHOU HONGJIANG FURNITURE CO.,LTD | F59: 04/15/2018 | G59: 66277 | H59: SAV
A60: WEE18040661 | C60: GUL AHMED TEXTILES | F60: 04/10/2018 | G60: 18195.5 | H60: LVM
A61: WEE18040662 | C61: AL-KARAM TEXTILE MILLS (PVT) LTD. | F61: 04/10/2018 | G61: 57037.75 | H61: LVM
A62: WEE18040678-2 | C62: HANGZHOU BENRUSON HOME TEXTILES CO., LTD. | F62: 04/23/2018 | G62: 1152.0556 | H62: SV2
A63: WEE18040678-3 | C63: SHANGHAI JIA LI NEEDLEPOINT FACTORY CO., LTD | F63: 04/23/2018 | G63: 15278.752 | H63: SV2
A64: WEE18040678-4 | C64: QINGDAO KINGTEX CO., LTD. | F64: 04/23/2018 | G64: 4968 | H64: SV2
A65: WEE18040687-1 | C65: YUYUE HOME TEXTILE CO., LTD. | F65: 04/20/2018 | G65: 1310.4 | H65: SAV
... A381: WEE18050872-2 | C381: HAINING JIUZHOU FURNITURE CO.,LTD. | F381: 05/07/2018 | G381: 12754 | H381: WOD
A382: WEE18050874 | C382: ORIENT INT'L HOLDING SHANGHAI HOMETEX CO., LTD. | E382: ETA 04/26/18 | F382: 04/23/2018 | G382: 546.3081 | H382: DC
A383: WEE18050875 | C383: TOP LINE INT'L INC | F383: 05/10/2018 | G383: 16052 | H383: WOD
A384: WEE18050876 | C384: HAOJIANG FURNITURE CO., LTD | F384: 05/14/2018 | G384: 12158 | H384: WOD
A385: WEE18050877 | C385: DG NEW TECH I AND E CO., LTD | F385: 05/14/2018 | G385: 21619.21 | H385: WOD
A386: WEE18050878 | C386: HAOJIANG FURNITURE CO., LTD | F386: 05/14/2018 | G386: 10500 | H386: SAV
A387: WEE18050879 | C387: GUANGDONG GOLDKEY TECHNOLOGY CO.,LTD. | F387: 05/14/2018 | G387: 16015 | H387: SAV
A388: WEE18050880 | C388: GUAN HUI INTERNATIONAL TRADING CO.,LIMITED | F388: 05/14/2018 | G388: 43751.38 | H388: SV2
A389: WEE18050881 | C389: JIAXING ZHIHUA FURNITURE CO., LTD. | F389: 05/16/2018 | G389: 69202 | H389: SAV
A390: WEE18050882-1 | C390: HANGZHOU RI YANG IMPORT & EXPORT CO., LTD. | F390: 05/16/2018 | G390: 31154.5 | H390: SAV
A391: WEE18050882-2 | C391: SHANGHAI CHAIRONE FURNITURE CO., LTD. | F391: 05/16/2018 | G391: 27292 | H391: SAV
A392: WEE18050882-3 | C392: HAINING ZHENYI FURNITURE CO., LTD. | F392: 05/16/2018 | G392: 17480 | H392: SAV
A393: WEE18050882-4 | C393: ZHEJIANG HANSHENG FURNITURE CO., LTD. | F393: 05/16/2018 | G393: 11285 | H393: SAV
A394: WEE18050882-5 | C394: ZHEJIANG SHANHE FURNITURE CO., LTD | F394: 05/16/2018 | G394: 12810 | H394: SAV
... A431: WEE18050895-4 | C431: JIANGSU KAIRUI HOME TEXTILE TEC CO., LTD | F431: 05/13/2018 | G431: 143951.29 | H431: WD2
A432: WEE18050896 | C432: NANTONG JINGANG PACKING PRODUCTS CO., LTD | E432: ETA 05/14/18 | F432: 05/14/2018 | G432: 2188 | H432: PORT
A433: WEE18050897-1 | C433: ZHEJIANG WANXIANG BEDDING CO., LTD. | F433: 05/13/2018 | G433: 3043.2757 | H433: WOD
A434: WEE18050897-2 | C434: SHANGHAI DRAGON CORPORATION | F434: 05/13/2018 | G434: 22576.028 | H434: WOD
A435: WEE18050897-3 | C435: ZHEJIANG ORIENT C&E CO., LTD. | F435: 05/13/2018 | G435: 4521.624 | H435: WOD
A436: WEE18050897-4 | C436: NANTONG SIAN TEXTILE CRAFTS CO., LTD. | F436: 05/13/2018 | G436: 6598 | H436: WOD
A437: WEE18050897-5 | C437: WUXI YICHEN TEXTILE CO., LTD | F437: 05/13/2018 | G437: 53391.785 | H437: WOD
A438: WEE18050897-6 | C438: HANGZHOU SHENGYI TEXTILE CO., LTD | F438: 05/13/2018 | G438: 10421.74 | H438: WOD
A439: WEE18050897-7 | C439: TONGXIANG OUYI HOME TEXTILE CO., LTD. | F439: 05/13/2018 | G439: 15081.617 | H439: WOD
A440: WEE18050897-8 | C440: ZHEJIANG YUANZHENG FABRIC ART CO., LTD. | F440: 05/13/2018 | G440: 21000.42 | H440: WOD
A441: WEE18050897-9 | C441: JIANGSU CHENYU CULTURAL ARTS CO.,LTD | F441: 05/13/2018 | G441: 27112.5 | H441: WOD
A442: WEE18050898-1 | C442: SHANGHAI DRAGON CORPORATION | F442: 05/13/2018 | G442: 17866.06 | H442: WOD
A443: WEE18050898-2 | C443: TONGXIANG SIXINYUAN SILK TEXTILE CO., LTD. | F443: 05/13/2018 | G443: 46065.512 | H443: WOD
A444: WEE18050898-3 | C444: TONGXIANG PAIMA TEXTILE CO., LTD. | F444: 05/13/2018 | G444: 1232.4 | H444: WOD
... A522: WEE18050920 | C522: JIANGSU KAIRUI HOME TEXTILE TEC CO., LTD | F522: 05/21/2018 | G522: 214692.35 | H522: SV2
A523: WEE18050921 | C523: ZHEJIANG ZHONGDA GROUP INT'L TRADING CO., LTD. | E523: ETA 05/20/18 | F523: 05/17/2018 | G523: 427.35 | H523: PORT
A524: WEE18050922-1 | C524: ZHEJIANG WANXIANG BEDDING CO., LTD. | F524: 05/21/2018 | G524: 5139.0162 | H524: WOD
A525: WEE18050922-2 | C525: HANGZHOU YIJIA TEXTILES CO., LTD. | F525: 05/21/2018 | G525: 1516.956 | H525: WOD
A526: WEE18050922-3 | C526: SHANGHAI DRAGON CORPORATION | F526: 05/21/2018 | G526: 4555.7224 | H526: WOD
A527: WEE18050922-4 | C527: NANTONG BRINEY HOMEFASHIONS CO., LTD. | F527: 05/21/2018 | G527: 19840.416 | H527: WOD
A528: WEE18050922-5 | C528: DAFENG HENIEMO HOME TEXTILES CO., LTD. | F528: 05/21/2018 | G528: 1840.5405 | H528: WOD
A529: WEE18050922-6 | C529: CHANGZHOU BANTEX TOURISM ARTICLES CO., LTD | F529: 05/21/2018 | G529: 1150 | H529: WOD
A530: WEE18050922-7 | C530: JIAOLU TEXTILE (NANTONG) CO., LTD. | F530: 05/21/2018 | G530: 58837.064 | H530: WOD
A531: WEE18050922-8 | C531: ZHEJIANG WANGBIN DECORATIVE MATERIAL CO., LTD. | F531: 05/21/2018 | G531: 2838 | H531: WOD
A532: WEE18050922-9 | C532: ZHEJIANG GLORY HOME FURNISHINGS CO., LTD | F532: 05/21/2018 | G532: 2088 | H532: WOD
A533: WEE18050922-10 | C533: WUXI KX TEXTILES CO.,LTD | F533: 05/21/2018 | G533: 28355.48 | H533: WOD
A534: WEE18050922-11 | C534: CHANGSHU LUSHUN PET PRODUCTS IMP&EXP CO.,LTD | F534: 05/21/2018 | G534: 4536 | H534: WOD
A535: WEE18050923-1 | C535: HAIYAN HENGHUI HOMETEXTILE CO., LTD | F535: 05/26/2018 | G535: 15680.55 | H535: WOD
...

Sheet WEE 2018 - MAY MONTH
B1: AP
A2: W/P EE# | B2: AP PERSON | C2: VENDOR | D2: VOUCHER# | E2: REC'V DATE | F2: INV DATE | G2: $ AMT | H2: WHSE | I2: DESCRIPTION
A3: WEE17071120-1 | B3: CICY | C3: HAIYAN HENGHUI HOMETEXTILE CO., LTD | D3: 306592 | E3: 42951 | F3: 07/03/2017 | G3: 14542.341 | H3: LVM
A4: WEE17071120-2 | B4: CICY | C4: JIANDE CITY YAOXIN KNITTING & TEXTILES CO., LTD. | D4: 305494 | E4: 42942 | F4: 07/03/2017 | G4: 6903.0151 | H4: LVM
A5: WEE17071120-3 | B5: LUCAS | C5: JIANGSU KAIRUI HOME TEXTILE CO., LTD. | D5: 306100 & 306102 | E5: 07/31/17 - 08/04/17 | F5: 07/03/2017 | G5: 73542.462 | H5: LVM
A6: WEE17071120-4 | B6: CICY | C6: SHANGHAI DRAGON CORPORATION | D6: 305493 | E6: 42942 | F6: 07/03/2017 | G6: 3230.1006 | H6: LVM
A7: WEE17071120-5 | B7: CICY | C7: NANTONG SIAN TEXTILE CRAFTS CO., LTD. | D7: 305492 | E7: 42942 | F7: 07/03/2017 | G7: 1544.2211 | H7: LVM
A8: WEE17071120-6 | B8: CICY | C8: DONGTAI YINGHONG SILK EMBROIDERY FACTORY | D8: 306593 | E8: 42951 | F8: 07/03/2017 | G8: 38886.432 | H8: LVM
A9: WEE17071120-7 | B9: CICY | C9: NANTONG NEW MENGSI TEXTILE CRAFTS CO.,LTD | D9: 305495 | E9: 42942 | F9: 07/03/2017 | G9: 6561.369 | H9: LVM
A10: WEE17071121-1 | B10: LUCAS | C10: TONGXIANG SIXINYUAN SILK TEXTILE CO., LTD. | D10: 306760 | E10: 42951 | F10: 07/03/2017 | G10: 38921.068 | H10: LVM
A11: WEE17071121-2 | B11: LUCAS | C11: TONGXIANG OU YI HOME TEXTILE CO., LTD. | D11: 306215 & 306216 | E11: 07/31/17 - 08/03/17 | F11: 07/03/2017 | G11: 56182.558 | H11: LVM
A12: WEE17071122 | B12: LUCAS | C12: WUXI YICHEN TEXTILE CO., LTD | D12: 306217 & 306220 | E12: 07/31/07 - 08/01/17 | F12: 07/03/2017 | G12: 84217.402 | H12: LVM
A13: WEE17071123 | B13: LUCAS | C13: SHANGHAI DRAGON CORPORATION | D13: 306110 & 306114 | E13: 07/27/17 - 08/03/17 | F13: 07/03/2017 | G13: 17541.457 | H13: LVM
A14: WEE17071124 | B14: TREY | C14: ZHANGJIAGANG SUNRISE TEXTILE CO., LTD. | D14: 306090 & 306092 | E14: 07/26/17 - 08/03/17 | F14: 07/02/2017 | G14: 235990.4 | H14: WOD
A15: WEE17071125-1 | B15: CICY | C15: HANGZHOU RI YANG IMPORT & EXPORT CO., LTD. | D15: 305489 | E15: 42943 | F15: 07/02/2017 | G15: 11450 | H15: WOD
A16: WEE17071125-2 | B16: CICY | C16: HAINING BOYANG FURNITURE CO., LTD | D16: 305488 | E16: 42942 | F16: 07/02/2017 | G16: 14718 | H16: WOD
A17: WEE17071125-3 | B17: CICY | C17: SHANGHAI CHAIRONE FURNITURE CO., LTD. | D17: 305487 | E17: 42943 | F17: 07/02/2017 | G17: 22981.5 | H17: WOD
A18: WEE17071126 | B18: TREY | C18: ZHEJIANG WANXIANG BEDDING CO., LTD. | D18: 306087 & 306089 | E18: 07/31/17 - 08/01/17 | F18: 07/02/2017 | G18: 81946.064 | H18: WOD
A19: WEE17071127 | B19: TREY | C19: NANTONG BRINEY HOMEFASHIONS CO., LTD. | D19: 306098 & 306099 | E19: 07/31/17 - 08/08/17 | F19: 07/02/2017 | G19: 99443.39 | H19: WOD
A20: WEE17071128-1 | B20: TREY | C20: HANGZHOU YIJIA TEXTILES CO., LTD. | D20: 306066 & 306070 | E20: 07/31/17 - 08/03/17 | F20: 07/02/2017 | G20: 148045.72 | H20: WOD
A21: WEE17071128-2 | B21: CICY | C21: HANGZHOU RI YANG IMPORT & EXPORT CO., LTD. | D21: 305482 | E21: 42943 | F21: 07/02/2017 | G21: 5190 | H21: WOD
A22: WEE17071129-1 | B22: CICY | C22: HAIYAN BOAI ART-TEXTILE CO., LTD. | D22: 305491 | E22: 42944 | F22: 07/02/2017 | G22: 75.3769 | H22: WOD
A23: WEE17071129-2 | B23: CICY | C23: SHANGHAI DRAGON CORPORATION | D23: 305483 | E23: 42944 | F23: 07/02/2017 | G23: 19378.632 | H23: WOD
A24: WEE17071129-3 | B24: TREY | C24: HANGZHOU KUANHANG TRADING CO., LTD. | D24: 306077 & 306078 | E24: 07/31/17 - 08/01/17 | F24: 07/02/2017 | G24: 21937.687 | H24: WOD
A25: WEE17071129-4 | B25: CICY | C25: JIANGSU YILILAI HOME TEXTILE CO., LTD. | D25: 305485 | E25: 42944 | F25: 07/02/2017 | G25: 14472.362 | H25: WOD
A26: WEE17071129-5 | B26: TREY | C26: CHANGSHU SONGSHU TEXTILE CO., LTD. | D26: 306079 & 306084 | E26: 07/31/17 - 08/09/17 | F26: 07/02/2017 | G26: 106155.79 | H26: WOD
A27: WEE17071129-6 | B27: CICY | C27: JINGJIANG DACHENG TEXTILE CO., LTD | D27: 305486 | E27: 42944 | F27: 07/02/2017 | G27: 3604 | H27: WOD
A28: WEE17071130-1 | B28: CICY | C28: HAIYAN HENGHUI HOMETEXTILE CO., LTD | D28: 305514 | E28: 42943 | F28: 07/02/2017 | G28: 6548.3 | H28: WOD
A29: WEE17071130-2 | B29: CICY | C29: SHANGHAI DRAGON CORPORATION | D29: 305484 | E29: 42944 | F29: 07/02/2017 | G29: 9132.7591 | H29: WOD
A30: WEE17071131-1 | B30: CICY | C30: KUNSHAN LINMING BEDDING CO., LTD | D30: 306584 | E30: 42948 | F30: 07/02/2017 | G30: 7564.8205 | H30: WOD
A31: WEE17071131-2 | B31: CICY | C31: SHANGHAI DRAGON CORPORATION | D31: 306582 | E31: 42949 | F31: 07/02/2017 | G31: 18415.691 | H31: WOD
A32: WEE17071131-3 | B32: CICY | C32: JIAOLU TEXTILE (NANTONG) CO., LTD. | D32: 306586 | E32: 42949 | F32: 07/02/2017 | G32: 8026 | H32: WOD
A33: WEE17071131-4 | B33: CICY | C33: TONGXIANG OU YI HOME TEXTILE CO., LTD. | D33: 305480 | E33: 42947 | F33: 07/02/2017 | G33: 18821.905 | H33: WOD
A34: WEE17071131-5 | B34: CICY | C34: HANGZHOU MASU DOWN PRODUCTS CO., LTD. | D34: 306588 | E34: 42948 | F34: 07/02/2017 | G34: 2849.2464 | H34: WOD
A35: WEE17071131-6 | B35: TREY | C35: HANGZHOU CHINA HOUSE TEXTILE CO., LTD. | D35: 307162 | E35: 42949 | F35: 07/02/2017 | G35: 5168 | H35: WOD
A36: WEE17071131-7 | B36: CICY | C36: MF CO., LTD | D36: 305481 | E36: 42942 | F36: 07/02/2017 | G36: 17505.287 | H36: WOD
A37: WEE17071131-8 | B37: CICY | C37: WENZHOU YUANFEI PET TOY PRODUCTS CO., LTD. | D37: 306585 | E37: 42949 | F37: 07/02/2017 | G37: 1481.84 | H37: WOD
A38: WEE17071132 | B38: TREY | C38: JIANGSU YILILAI HOME TEXTILE CO., LTD. | D38: 309375 | E38: 42964 | F38: 07/03/2017 | G38: 108171.83 | H38: WOD
... A51: WEE17071137-9 | B51: CICY | C51: SHANGHAI MERRIERS HOUSEHOLD CO.,LTD. | D51: 305490 | E51: 42947 | F51: 07/03/2017 | G51: 9451.05 | H51: LVM
A52: WEE17071138-1 | B52: LUCAS | C52: SUMEC TEXTILE & LIGHT INDUSTRY CO., LTD | D52: 306209 & 306210 | E52: 07/28/17 - 08/04/17 | F52: 07/03/2017 | G52: 44373.84 | H52: LVM
A53: WEE17071138-2 | B53: CICY | C53: HANGZHOU BENRUSON HOME TEXTILES CO., LTD. | D53: 306587 | E53: 42948 | F53: 07/03/2017 | G53: 3163.0655 | H53: LVM
A54: WEE17071138-3 | B54: CICY | C54: ZHEJIANG YUANZHENG FABRIC ART CO., LTD. | D54: 306583 | E54: 42948 | F54: 07/03/2017 | G54: 8941.9602 | H54: LVM
A55: WEE17071138-4 | B55: LUCAS | C55: JIANGSU YILILAI HOME TEXTILE CO., LTD. | D55: 306075 & 306076 | E55: 07/31/17 - 08/01/17 | F55: 07/03/2017 | G55: 38942.716 | H55: LVM
A56: WEE17071138-5 | B56: LUCAS | C56: JIANDE MINYU HOME TEXTILE CO., LTD | D56: 306758 | E56: 42951 | F56: 07/03/2017 | G56: 35723.33 | H56: LVM
A57: WEE17071139-1 | B57: CICY | C57: ZHEJIANG WANXIANG BEDDING CO., LTD. | D57: 306578 | E57: 42950 | F57: 07/03/2017 | G57: 12143.09 | H57: LVM
A58: WEE17071139-2 | B58: CICY | C58: KUNSHAN LINMING BEDDING CO., LTD | D58: 306575 | E58: 42950 | F58: 07/03/2017 | G58: 3308.4171 | H58: LVM
A59: WEE17071139-3 | B59: CICY | C59: SUZHOU HESEN INDUSTRIAL CO., LTD. | D59: 306577 | E59: 42950 | F59: 07/03/2017 | G59: 4946.9 | H59: LVM
A60: WEE17071139-4 | B60: CICY | C60: CHANGSHU XIAHONG TEXTILE CO., LTD. | D60: 306581 | E60: 42950 | F60: 07/03/2017 | G60: 1420.8541 | H60: LVM
A61: WEE17071139-5 | B61: CICY | C61: JIAOLU TEXTILE (NANTONG) CO., LTD. | D61: 306580 | E61: 42950 | F61: 07/03/2017 | G61: 8801.2 | H61: LVM
A62: WEE17071139-6 | B62: TREY | C62: DONGTAI YASHIYUAN TEXTILE CO., LTD | D62: 306103 & 306104 | E62: 07/31/17 - 08/04/17 | F62: 07/03/2017 | G62: 77852.334 | H62: LVM
A63: WEE17071139-7 | B63: CICY | C63: ZHEJIANG HENGDI BEDDING CO., LTD. | D63: 306578 | E63: 42950 | F63: 07/03/2017 | G63: 7480.088 | H63: LVM
A64: WEE17071139-8 | B64: CICY | C64: FASHION HOMES SHANGHAI CO.,LTD | D64: 306576 | E64: 42950 | F64: 07/03/2017 | G64: 2176.2 | H64: LVM
A65: WEE17071140-1 | B65: CICY | C65: MEIZHOU LIANSHUNCHANG TRADING CO.,LTD. | D65: 306572 | E65: 42948 | F65: 07/03/2017 | G65: 1691.64 | H65: LVM
A66: WEE17071140-2 | B66: CICY | C66: DONGGUAN VIANA TEXTILES CO., LTD | D66: 306570 | E66: 42948 | F66: 07/03/2017 | G66: 18296.274 | H66: LVM
A67: WEE17071141-1 | B67: LUCAS | C67: NINGBO CHENGTUO TEXTILE CO., LTD. | D67: 306212 & 306213 | E67: 07/28/17 - 08/01/17 | F67: 07/04/2017 | G67: 13683.657 | H67: LVM
A68: WEE17071141-2 | B68: CICY | C68: SHANGYU ZHONGYU TEXTILE CO., LTD. | D68: 306605 | E68: 42948 | F68: 07/04/2017 | G68: 14280.6 | H68: LVM
A69: WEE17071142 | B69: CICY | C69: MINHOU MINXING WEAVING CO., LTD. | D69: 308033 | E69: 42963 | F69: 07/02/2017 | G69: 14476.25 | H69: SV2
A70: WEE17071143 | B70: CICY | C70: HANGZHOU BENRUSON HOME TEXTILES CO., LTD. | D70: 306569 | E70: 42957 | F70: 07/03/2017 | G70: 13409.359 | H70: SV2
A71: WEE17071144 | B71: CICY | C71: TONGXIANG SIXINYUAN SILK TEXTILE CO., LTD. | D71: 306568 | E71: 42957 | F71: 07/03/2017 | G71: 48235.159 | H71: SV2
A72: WEE17071145 | B72: CICY | C72: DONGTAI YASHIYUAN TEXTILE CO., LTD | D72: 306606 | E72: 42957 | F72: 07/03/2017 | G72: 31273.873 | H72: SV2
A73: WEE17071146 | B73: TREY | C73: HANGZHOU YIJIA TEXTILES CO., LTD. | D73: 306107 | E73: 42947 | F73: 07/03/2017 | G73: 52521.084 | H73: WD2
A74: WEE17071147 | B74: CICY | C74: JIANGSU KAIRUI HOME TEXTILE CO., LTD. | D74: 305496 | E74: 42944 | F74: 07/03/2017 | G74: 12428.399 | H74: WD2
A75: WEE17071148-1 | B75: CICY | C75: PUJIANG HONGSHENG ARTS AND CRAFTS CO., LTD. | D75: 306596 | E75: 42950 | F75: 07/03/2017 | G75: 11466.069 | H75: WD2
A76: WEE17071148-2 | B76: CICY | C76: JIANDE CITY YAOXIN KNITTING & TEXTILES CO., LTD. | D76: 306597 | E76: 42950 | F76: 07/03/2017 | G76: 15693.411 | H76: WD2
A77: WEE17071149-1 | B77: CICY | C77: HANGZHOU BENRUSON HOME TEXTILES CO., LTD. | D77: 306598 | E77: 42951 | F77: 07/03/2017 | G77: 2716.0804 | H77: WD2
A78: WEE17071149-2 | B78: TREY | C78: JIANGSU KAIRUI HOME TEXTILE CO., LTD. | D78: 307168 | E78: 42951 | F78: 07/03/2017 | G78: 64895.525 | H78: WD2
A79: WEE17071149-3 | B79: CICY | C79: NANTONG SIAN TEXTILE CRAFTS CO., LTD. | D79: 306599 | E79: 42948 | F79: 07/03/2017 | G79: 983.4045 | H79: WD2
... A104: WEE17071155-3 | B104: CICY | C104: SUZHOU MEGATEX IMPORT&EXPORT CO., LTD. | D104: 307737 | E104: 42961 | F104: 07/07/2017 | G104: 41267.5 | H104: SV2
A105: WEE17071156-1 | B105: CHRIS | C105: HANGZHOU BENRUSON HOME TEXTILES CO., LTD. | D105: 308371 | E105: 42963 | F105: 07/10/2017 | G105: 45179.854 | H105: SV2 | I105: ADJ OVER 1 VOUCHED
A106: WEE17071156-2 | B106: CICY | C106: JIANGSU KAIRUI HOME TEXTILE CO., LTD. | D106: 307764 | E106: 42961 | F106: 07/10/2017 | G106: 12320.352 | H106: SV2
A107: WEE17071157 | B107: TREY | C107: ORIENT INT'L HOLDING SHANGHAI HOMETEX CO., LTD. | D107: 306095 & 306097 | E107: 07/31/17 - 08/01/17 | F107: 07/03/2017 | G107: 8995.8 | H107: WOD
A108: WEE17071158-1 | B108: CICY | C108: GRACEFUL BEST HOLDINGS LTD | D108: 307739 | E108: 42961 | F108: 07/04/2017 | G108: 730 | H108: SV2
A109: WEE17071158-2 | B109: CICY | C109: NEW LAND LIGHTING(HK) INDUSTRY CO., LTD | D109: 307738 | E109: 42961 | F109: 07/04/2017 | G109: 19259 | H109: SV2
A110: WEE17071159 | B110: CICY | C110: HAOJIANG FURNITURE CO., LTD | D110: 307740 | E110: 42961 | F110: 07/04/2017 | G110: 40194 | H110: SV2
A111: WEE17071160 | B111: CICY | C111: KARRY FURNITURE LTD. | D111: 307750 | E111: 42961 | F111: 07/04/2017 | G111: 54357.54 | H111: SV2
A112: WEE17071161 | B112: CICY | C112: SKY GLAD CO., LTD. | D112: 307741 | E112: 42961 | F112: 07/04/2017 | G112: 22569.507 | H112: SV2
A113: WEE17071162-1 | B113: CICY | C113: SHANDONG EXCEL LIGHT INDUSTRIAL PRODUCTS CO., LTD. | D113: 307746 | E113: 42965 | F113: 07/07/2017 | G113: 75594.84 | H113: WOD
A114: WEE17071162-2 | B114: CICY | C114: YANTAI ZHONGLIAN INDUSTRY CO., LTD. | D114: 307865 | E114: 42962 | F114: 07/07/2017 | G114: 72247.08 | H114: WOD
A115: WEE17071163-1 | B115: CICY | C115: INTCO INTERNATIONAL (HK) CO.,LIMITED | D115: 307748 | E115: 42961 | F115: 07/07/2017 | G115: 10271.8 | H115: WOD
A116: WEE17071163-2 | B116: CICY | C116: UNITED LINENS LTD | D116: 306603 | E116: 42958 | F116: 07/07/2017 | G116: 14951.7 | H116: WOD
A117: WEE17071163-3 | B117: CICY | C117: WEIHAI AMITY HOME COLLECTION CO.,LTD. | D117: 306604 | E117: 42958 | F117: 07/07/2017 | G117: 10311.9 | H117: WOD
A118: WEE17071164-1 | B118: CICY | C118: ZHEJIANG WANGBIN DECORATIVE MATERIAL CO., LTD. | D118: 305497 | E118: 42942 | F118: 07/04/2017 | G118: 760.8 | H118: WOD
A119: WEE17071164-2 | B119: CICY | C119: YIWU TAOYE ARTS AND CRAFTS CO., LTD | D119: 305498 | E119: 42942 | F119: 07/04/2017 | G119: 14591 | H119: WOD
... A270: WEE17071230-2 | B270: CICY | C270: JIANDE CITY YAOXIN KNITTING & TEXTILES CO., LTD. | D270: 307788 | E270: 42963 | F270: 07/13/2017 | G270: 3082.9146 | H270: SV2
A271: WEE17071230-3 | B271: CHRIS | C271: JIANGSU KAIRUI HOME TEXTILE CO., LTD. | D271: 309500 & 313519 | E271: 8/22/2017 - 09/08/17 | F271: 07/13/2017 | G271: 59803.144 | H271: SV2
A272: WEE17071230-4 | B272: CICY | C272: SHANGHAI DRAGON CORPORATION | D272: 307787 | E272: 42963 | F272: 07/13/2017 | G272: 5280.7789 | H272: SV2
A273: WEE17071231 | B273: CICY | C273: ZHEJIANG CARITAS HOMETEXTILE CO., LTD | D273: 307789 | E273: 42968 | F273: 07/13/2017 | G273: 36372.16 | H273: SV2
A274: WEE17071232-1 | B274: CICY | C274: FJ HOME FASHIONS CO., LTD. | D274: 307794 | E274: 42968 | F274: 07/13/2017 | G274: 11621.59 | H274: SV2
A275: WEE17071232-2 | B275: CICY | C275: WUXI YICHEN TEXTILE CO., LTD | D275: 307793 | E275: 42968 | F275: 07/13/2017 | G275: 2844.2208 | H275: SV2
A276: WEE17071232-3 | B276: CHRIS | C276: JIAOLU TEXTILE (NANTONG) CO., LTD. | D276: 309376 | E276: 42968 | F276: 07/13/2017 | G276: 231456.33 | H276: SV2
A277: WEE17071232-4 | B277: CICY | C277: JIANGSU YILILAI HOME TEXTILE CO., LTD. | D277: 307790 | E277: 42968 | F277: 07/13/2017 | G277: 3245.1004 | H277: SV2
A278: WEE17071232-5 | B278: CICY | C278: NINGBO CHENGTUO TEXTILE CO., LTD. | D278: 307792 | E278: 42968 | F278: 07/13/2017 | G278: 10321.734 | H278: SV2
A279: WEE17071232-6 | B279: CICY | C279: SUZHOU YAWEEN TEXTILE PRODUCTS CO.,LTD | D279: 307791 | E279: 42968 | F279: 07/13/2017 | G279: 37464 | H279: SV2
A280: WEE17071233 | B280: CHRIS | C280: SUZHOU MEGATEX IMPORT&EXPORT CO., LTD. | D280: 309367 | E280: 42967 | F280: 07/14/2017 | G280: 128205.5 | H280: SV2
A281: WEE17071234-1 | B281: CICY | C281: PUJIANG HONGSHENG ARTS AND CRAFTS CO., LTD. | D281: 307779 | E281: 42964 | F281: 07/14/2017 | G281: 28557.4 | H281: SV2
A282: WEE17071234-2 | B282: CHRIS | C282: HANGZHOU BENRUSON HOME TEXTILES CO., LTD. | D282: 309368 | E282: 42964 | F282: 07/14/2017 | G282: 16784.538 | H282: SV2
A283: WEE17071234-3 | B283: CICY | C283: NANTONG YIYUAN HOUSEHOLD TEXTILES CO., LTD. | D283: 307778 | E283: 42964 | F283: 07/14/2017 | G283: 1908.9196 | H283: SV2
... A288: WEE17071234-8 | B288: CICY | C288: ANHUI SWAN HOME TEXTILES CO., LTD. | D288: 307783 | E288: 42963 | F288: 07/14/2017 | G288: 39141.458 | H288: SV2
A289: WEE17071235 | B289: TREY | C289: AL-KARAM TEXTILE MILLS (PVT) LTD. | D289: 31154 | E289: 42998 | F289: 07/24/2017 | G289: 11230.04 | H289: WOD | I289: PO# 125165 - 67
A290: WEE17071236 | B290: CICY | C290: PEACE HONOR ENTERPRISES LIMITED | D290: 308943 | E290: 42969 | F290: 07/15/2017 | G290: 72996.68 | H290: SV2
...

Sheet Apr Backup
A1: W/P EE# | B1: AP PERSON | C1: VENDOR | D1: VOUCHER# | E1: REC'V DATE | F1: INV DATE | G1: COST$ AMT
A2: POE18040133 | B2: ANGELL | C2: QINGDAO BRIGHT LINENS CO., LTD. | D2: 337188 | E2: 43221 | F2: 04/07/2018 | G2: 40724.24
A3: POE18040136 | C3: SUN GLORY LTD. | F3: 04/01/2018 | G3: 215.6
A4: POE18040137 | B4: ANGELL | C4: CHANGSHU XIAHONG TEXTILE CO., LTD. | D4: 338056 | E4: 43223 | F4: 43202 | G4: 13609.19
A5: POE18040138 | B5: ANGELL | C5: SHANGHAI CHAIRONE FURNITURE CO., LTD. | D5: 338058 | E5: 43224 | F5: 43202 | G5: 20160
A6: POE18040139-1 | B6: ANGELL | C6: HOMESENSE TEXTILE CO.,LTD | D6: 337080 | E6: 43221 | F6: 04/12/2018 | G6: 10918.4
A7: POE18040139-2 | B7: ANGELL | C7: HANGZHOU SHENGYI TEXTILE CO., LTD | D7: 337081 | E7: 43221 | F7: 04/12/2018 | G7: 43639.6
A8: POE18040139-3 | B8: ANGELL | C8: ZHEJIANG YUANZHENG FABRIC ART CO., LTD. | D8: 337082 | E8: 43221 | F8: 04/12/2018 | G8: 9040.32
A9: POE18040141-1 | B9: ANGELL | C9: NANJING HIGH TEXTILES CORPORATION | D9: 337189 | E9: 43221 | F9: 04/14/2018 | G9: 33542.4
A10: POE18040141 | B10: ANGELL | C10: JIANGSU CHENYU CULTURAL ARTS CO.,LTD | D10: 337190 | E10: 43221 | F10: 04/14/2018 | G10: 32572
A11: POE18040142 | B11: ANGELL | C11: SHANGHAI CHAIRONE FURNITURE CO., LTD. | D11: 337083 | E11: 43221 | F11: 04/14/2018 | G11: 31174
A12: POE18040143 | B12: ANGELL | C12: JIANGSU KAIRUI HOME TEXTILE TEC CO., LTD | D12: 337191 | E12: 43222 | F12: 04/14/2018 | G12: 35961.07
A13: POE18040144 | B13: ANGELL | C13: XIAMEN SUNFLOWER ART AND CRAFT TRADE CO.,LTD. | D13: 337192 | E13: 43221 | F13: 04/12/2018 | G13: 26450
A14: POE18040145 | C14: INTCO INTERNATIONAL (HK) CO.,LIMITED | F14: 04/11/2018 | G14: 9347.52
A15: POE18040146 | C15: INTCO INTERNATIONAL (HK) CO.,LIMITED | F15: 04/11/2018 | G15: 18652.48
A16: POE18040147 | C16: HANGZHOU YIJIA TEXTILES CO., LTD. | F16: 04/15/2018 | G16: 170009.28
A17: POE18040148 | C17: ZHEJIANG WANGBIN DECORATIVE MATERIAL CO., LTD. | F17: 04/19/2018 | G17: 101035.5
A18: POE18040149 | C18: JIANGSU GUOTAI INTERNATIONAL GROUP GUOMAO CO., LTD. | F18: 04/13/2018 | G18: 8790
A19: POE18040151 | B19: ANGELL | C19: JIAXING ZHIHUA FURNITURE CO., LTD. | D19: 338059 | E19: 43229 | F19: 43211 | G19: 15365
A20: POE18040152-1 | C20: SHANGHAI DRAGON CORPORATION | F20: 04/21/2018 | G20: 25417.675
A21: POE18040152-2 | C21: TONGXIANG OUYI HOME TEXTILE CO., LTD. | F21: 04/21/2018 | G21: 91481.081
A22: POE18040153-1 | C22: NANJING JUMEI GARMENT CO.,LTD | F22: 04/21/2018 | G22: 23280
A23: POE18040153-2 | C23: JIANGSU CHENYU CULTURAL ARTS CO.,LTD | F23: 04/21/2018 | G23: 33674
A24: POE18040154-1 | C24: ZHEJIANG WANXIANG BEDDING CO., LTD. | F24: 04/24/2018 | G24: 18484.4
A25: POE18040154-2 | C25: ZHEJIANG ORIENT C&E CO., LTD. | F25: 04/24/2018 | G25: 42463.725
A26: POE18040154-3 | C26: NANTONG BRINEY HOMEFASHIONS CO., LTD. | F26: 04/24/2018 | G26: 32248.885
A27: POE18040154-4 | C27: ZHEJIANG GLORY HOME FURNISHINGS CO., LTD | F27: 04/24/2018 | G27: 14147.4
A28: POE18040155-1 | C28: ZHEJIANG WANGBIN DECORATIVE MATERIAL CO., LTD. | F28: 04/28/2018 | G28: 62494.74
A29: POE18040155-2 | C29: YIWU TAOYE ARTS AND CRAFTS CO., LTD | F29: 04/28/2018 | G29: 7200
A30: POE18040157 | C30: QINGDAO KINGTEX CO., LTD. | F30: 04/26/2018 | G30: 13785
A31: POE18040158 | C31: ZHEJIANG WANCHANG FURNITURE CO., LTD | F31: 04/28/2018 | G31: 65198.8
... A41: POE18010004 | C41: TONGXIANG OUYI HOME TEXTILE CO., LTD. | F41: 01/05/2018 | G41: 152937.84
A42: WEE18020353 | C42: ZHEJIANG ZHONGDA GROUP INT'L TRADING CO., LTD. | E42: ETA 02/22/18 | F42: 02/08/2018 | G42: 249.1524
A43: WEE18030475-2 | B43: TREY | C43: TONGXIANG OUYI HOME TEXTILE CO., LTD. | D43: 337337 & 337338 | E43: 04/19/18 - 05/01/18 | F43: 03/20/2018 | G43: 19896.739
A44: WEE18030481 | B44: TREY | C44: KOHINOOR TEXTILE MILLS LTD. | D44: 337317 & 337318 | E44: 04/26/18 - 05/01/18 | F44: 03/11/2018 | G44: 186551.6
A45: WEE18030493 | B45: TREY | C45: GUL AHMED TEXTILES | D45: 337302 & 337303 | E45: 04/27/18 - 05/03/18 | F45: 03/17/2018 | G45: 17695.65
A46: WEE18030495 | B46: TREY | C46: SADAQAT LIMITED | D46: 337800 | E46: 43222 | F46: 03/17/2018 | G46: 18142.75
A47: WEE18030498-8 | B47: CHRIS | C47: SUZHOU MEGATEX IMPORT&EXPORT CO., LTD. | D47: 337165 & 337166 | E47: 04/30/18 - 05/01/18 | F47: 03/23/2018 | G47: 37395.2
A48: WEE18030499 | B48: CHRIS | C48: JIANDE CITY YAOXIN KNITTING AND TEXTILES CO.,LTD. | D48: 337796 & 337797 | E48: 04/30/18 - 05/01/18 | F48: 03/26/2018 | G48: 114122.24
A49: WEE18030505-2 | B49: CHRIS | C49: SHANGHAI DRAGON CORPORATION | D49: 337180 & 337181 | E49: 04/30/18 - 05/03/18 | F49: 03/26/2018 | G49: 33054.164
A50: WEE18030506-2 | B50: CHRIS | C50: NANTONG BRINEY HOMEFASHIONS CO., LTD. | D50: 337176 & 337394 | E50: 4/30/2018 - 05/04/18 | F50: 03/26/2018 | G50: 51163.89
A51: WEE18030513 | B51: TREY | C51: GUL AHMED TEXTILES | D51: 337305 & 337307 | E51: 04/26/18 - 05/01/18 | F51: 03/11/2018 | G51: 18733.19
A52: WEE18030519 | B52: TREY | C52: DONGTAI YASHIYUAN TEXTILE CO., LTD | D52: 337323 & 337857 | E52: 04/30/18 - 05/07/18 | F52: 03/26/2018 | G52: 93219.088
A53: WEE18030521-7 | B53: TREY | C53: ZHEJIANG GLORY HOME FURNISHINGS CO., LTD | D53: 337328 & 337329 | E53: 04/30/18 - 05/01/18 | F53: 03/26/2018 | G53: 25974.4
A54: WEE18030523 | B54: TREY | C54: SHANGYU ZHONGYU TEXTILE CO., LTD. | D54: 337330 & 337856 | E54: 04/27/18 - 05/08/18 | F54: 03/31/2018 | G54: 22623.9
A55: WEE18030524-2 | B55: TREY | C55: SHANGHAI DRAGON CORPORATION | D55: 337341 & 337845 | E55: 04/30/18 - 05/07/18 | F55: 03/26/2018 | G55: 24833.773
A56: WEE18030526 | B56: TREY | C56: WUXI YICHEN TEXTILE CO., LTD | D56: 337353 & 337354 | E56: 04/30/18 - 05/01/18 | F56: 03/27/2018 | G56: 101898.5
A57: WEE18030528 | C57: ZHEJIANG ZHONGDA GROUP INT'L TRADING CO., LTD. | E57: ETA 03/28/18 | F57: 03/22/2018 | G57: 47.4576
A58: WEE18030529-3 | B58: TREY | C58: JIAXING ZHIHUA FURNITURE CO., LTD. | D58: 337333 & 337334 | E58: 04/30/18 - 05/01/18 | F58: 03/25/2018 | G58: 28980
A59: WEE18030529-4 | B59: TREY | C59: ZHEJIANG SHANHE FURNITURE CO., LTD | D59: 337331 & 337332 | E59: 04/26/18 - 05/01/18 | F59: 03/25/2018 | G59: 22786.5
A60: WEE18030534-1 | B60: TREY | C60: NANTONG YIYUAN HOUSEHOLD TEXTILES CO., LTD. | D60: 337324 & 337325 | E60: 04/25/18 - 05/01/18 | F60: 03/26/2018 | G60: 54876.836
A61: WEE18030534-4 | B61: TREY | C61: JIANGSU KAIRUI HOME TEXTILE TEC CO., LTD | D61: 337326 & 337327 | E61: 04/26/18 - 05/01/18 | F61: 03/26/2018 | G61: 75662.223
A62: WEE18030544-1 | B62: TREY | C62: NANTONG BRINEY HOMEFASHIONS CO., LTD. | D62: 337312 & 337313 | E62: 04/26/18 - 05/01/18 | F62: 03/27/2018 | G62: 93216.818
A63: WEE18030552-3 | B63: TREY | C63: QINGDAO BRIGHT LINENS CO., LTD. | D63: 337339 & 337340 | E63: 04/30/18 - 05/01/18 | F63: 03/29/2018 | G63: 6664.7
A64: WEE18030554 | B64: CHRIS | C64: KARRY FURNITURE LTD. | D64: 337187 & 337614 | E64: 04/30/18 - 05/08/18 | F64: 03/26/2018 | G64: 68187.14
A65: WEE18030557 | B65: CHRIS | C65: DELTA WOODEN FURNITURE CO., LTD | D65: 337184 & 337185 | E65: 04/30/18 - 05/01/18 | F65: 03/26/2018 | G65: 38816
A66: WEE18030563-1 | B66: TREY | C66: TONGXIANG SIXINYUAN SILK TEXTILE CO., LTD. | D66: 337350 & 337352 | E66: 04/30/18 - 05/01/18 | F66: 03/26/2018 | G66: 26079.518
A67: WEE18030563-2 | B67: TREY | C67: TONGXIANG OUYI HOME TEXTILE CO., LTD. | D67: 337335 & 337336 | E67: 04/30/18 - 05/02/18 | F67: 03/26/2018 | G67: 41820.195
A68: WEE18040594-2 | B68: TREY | C68: HAIYAN BOAI ART-TEXTILE CO., LTD. | D68: 337355 & 337356 | E68: 04/30/18 - 05/01/18 | F68: 04/04/2018 | G68: 34754.053
A69: WEE18040594-3 | B69: TREY | C69: DONGTAI YASHIYUAN TEXTILE CO., LTD | D69: 337321 & 337322 | E69: 04/04/18 - 05/01/18 | F69: 04/04/2018 | G69: 34136.029
A70: WEE18040597-1 | B70: TREY | C70: ZHEJIANG WANXIANG BEDDING CO., LTD. | D70: 337344 & 337345 | E70: 04/30/18 - 05/04/18 | F70: 04/07/2018 | G70: 29180.911
A71: WEE17071407 | B71: TREY | C71: OZDILEK IMPORT EXPORT & MARKETING LTD. | F71: 07/30/2017 | G71: 30438.21
A72: WEE17112401-2 | C72: HANGZHOU BENRUSON HOME TEXTILES CO., LTD. | F72: 11/15/2017 | G72: 1152.3747
A73: WEE17112549-2 | C73: SUMEC TEXTILE & LIGHT INDUSTRY CO., LTD | D73: Shipments removed | F73: 11/29/2017 | G73: 0
A74: WEE17112549-3 | C74: HANGZHOU BENRUSON HOME TEXTILES CO., LTD. | D74: Was 1 - 5 | F74: 11/29/2017 | G74: 0
A75: WEE17112549-4 | C75: SHANGHAI DRAGON CORPORATION | D75: Now only 1 is left | F75: 11/29/2017 | G75: 0
A76: WEE17112549-5 | C76: TONGXIANG SIXINYUAN SILK TEXTILE CO., LTD. | F76: 11/29/2017 | G76: 0
A77: WEE17122657-1 | B77: TREY | C77: JIANGSU KAIRUI HOME TEXTILE CO., LTD. | F77: 12/10/2017 | G77: 39724.27
A78: WEE18030453-1 | C78: FUZHOU DEYI ARTS & CRAFTS CO., LTD. | F78: 03/18/2018 | G78: 3153
A79: WEE18030453-2 | C79: FUZHOU IVY-DECO MANUFACTURE CO.,LTD. | F79: 03/18/2018 | G79: 19868.7
A80: WEE18030494 | C80: Orient Textile Mills Limited | F80: 03/17/2018 | G80: 25775.04
A81: WEE18030505-1 | C81: HAIYAN HENGHUI HOMETEXTILE CO., LTD | F81: 03/26/2018 | G81: 26868.564
A82: WEE18030505-3 | C82: JIAN DE DAYANG INDUSTRY CO., LTD. | F82: 03/26/2018 | G82: 22359.367
A83: WEE18030505-4 | C83: CGC CORPORATION | F83: 03/26/2018 | G83: 33353
A84: WEE18030506-1 | C84: JIANDE CITY YAOXIN KNITTING AND TEXTILES CO.,LTD. | F84: 03/26/2018 | G84: 3015.9459
A85: WEE18030506-3 | C85: TONGXIANG SIXINYUAN SILK TEXTILE CO., LTD. | F85: 03/26/2018 | G85: 37679.316
A86: WEE18030506-4 | C86: HANGZHOU SHENGYI TEXTILE CO., LTD | F86: 03/26/2018 | G86: 4353.6
A87: WEE18030506-5 | C87: JIANGSU KAIRUI HOME TEXTILE TEC CO., LTD | F87: 03/26/2018 | G87: 5876.7558
A88: WEE18030507-1 | C88: ZHEJIANG WANGBIN DECORATIVE MATERIAL CO., LTD. | F88: 03/24/2018 | G88: 28169.66
A89: WEE18030507-2 | C89: HANGZHOU KEZHI IMPORT AND EXPORT CO., LTD | F89: 03/24/2018 | G89: 1448
... A704: WEE18040789 | C704: GUL AHMED TEXTILES | F704: 04/30/2018 | G704: 32208.3
G705: =SUM(G1:G704) -> 18089243

Sheet WEE Apr 18
B1: AP
A2: W/P EE# | B2: AP PERSON | C2: VENDOR | D2: VOUCHER# | E2: REC'V DATE | F2: INV DATE | G2: $ AMT | H2: WHSE | I2: DESCRIPTION
A3: WEE17071120-1 | B3: CICY | C3: HAIYAN HENGHUI HOMETEXTILE CO., LTD | D3: 306592 | E3: 42951 | F3: 07/03/2017 | G3: 14542.341 | H3: LVM
A4: WEE17071120-2 | B4: CICY | C4: JIANDE CITY YAOXIN KNITTING & TEXTILES CO., LTD. | D4: 305494 | E4: 42942 | F4: 07/03/2017 | G4: 6903.0151 | H4: LVM
A5: WEE17071120-3 | B5: LUCAS | C5: JIANGSU KAIRUI HOME TEXTILE CO., LTD. | D5: 306100 & 306102 | E5: 07/31/17 - 08/04/17 | F5: 07/03/2017 | G5: 73542.462 | H5: LVM
A6: WEE17071120-4 | B6: CICY | C6: SHANGHAI DRAGON CORPORATION | D6: 305493 | E6: 42942 | F6: 07/03/2017 | G6: 3230.1006 | H6: LVM
A7: WEE17071120-5 | B7: CICY | C7: NANTONG SIAN TEXTILE CRAFTS CO., LTD. | D7: 305492 | E7: 42942 | F7: 07/03/2017 | G7: 1544.2211 | H7: LVM
A8: WEE17071120-6 | B8: CICY | C8: DONGTAI YINGHONG SILK EMBROIDERY FACTORY | D8: 306593 | E8: 42951 | F8: 07/03/2017 | G8: 38886.432 | H8: LVM
A9: WEE17071120-7 | B9: CICY | C9: NANTONG NEW MENGSI TEXTILE CRAFTS CO.,LTD | D9: 305495 | E9: 42942 | F9: 07/03/2017 | G9: 6561.369 | H9: LVM
A10: WEE17071121-1 | B10: LUCAS | C10: TONGXIANG SIXINYUAN SILK TEXTILE CO., LTD. | D10: 306760 | E10: 42951 | F10: 07/03/2017 | G10: 38921.068 | H10: LVM
A11: WEE17071121-2 | B11: LUCAS | C11: TONGXIANG OU YI HOME TEXTILE CO., LTD. | D11: 306215 & 306216 | E11: 07/31/17 - 08/03/17 | F11: 07/03/2017 | G11: 56182.558 | H11: LVM
A12: WEE17071122 | B12: LUCAS | C12: WUXI YICHEN TEXTILE CO., LTD | D12: 306217 & 306220 | E12: 07/31/07 - 08/01/17 | F12: 07/03/2017 | G12: 84217.402 | H12: LVM
A13: WEE17071123 | B13: LUCAS | C13: SHANGHAI DRAGON CORPORATION | D13: 306110 & 306114 | E13: 07/27/17 - 08/03/17 | F13: 07/03/2017 | G13: 17541.457 | H13: LVM
A14: WEE17071124 | B14: TREY | C14: ZHANGJIAGANG SUNRISE TEXTILE CO., LTD. | D14: 306090 & 306092 | E14: 07/26/17 - 08/03/17 | F14: 07/02/2017 | G14: 235990.4 | H14: WOD
A15: WEE17071125-1 | B15: CICY | C15: HANGZHOU RI YANG IMPORT & EXPORT CO., LTD. | D15: 305489 | E15: 42943 | F15: 07/02/2017 | G15: 11450 | H15: WOD
A16: WEE17071125-2 | B16: CICY | C16: HAINING BOYANG FURNITURE CO., LTD | D16: 305488 | E16: 42942 | F16: 07/02/2017 | G16: 14718 | H16: WOD
A17: WEE17071125-3 | B17: CICY | C17: SHANGHAI CHAIRONE FURNITURE CO., LTD. | D17: 305487 | E17: 42943 | F17: 07/02/2017 | G17: 22981.5 | H17: WOD
A18: WEE17071126 | B18: TREY | C18: ZHEJIANG WANXIANG BEDDING CO., LTD. | D18: 306087 & 306089 | E18: 07/31/17 - 08/01/17 | F18: 07/02/2017 | G18: 81946.064 | H18: WOD
A19: WEE17071127 | B19: TREY | C19: NANTONG BRINEY HOMEFASHIONS CO., LTD. | D19: 306098 & 306099 | E19: 07/31/17 - 08/08/17 | F19: 07/02/2017 | G19: 99443.39 | H19: WOD
A20: WEE17071128-1 | B20: TREY | C20: HANGZHOU YIJIA TEXTILES CO., LTD. | D20: 306066 & 306070 | E20: 07/31/17 - 08/03/17 | F20: 07/02/2017 | G20: 148045.72 | H20: WOD
A21: WEE17071128-2 | B21: CICY | C21: HANGZHOU RI YANG IMPORT & EXPORT CO., LTD. | D21: 305482 | E21: 42943 | F21: 07/02/2017 | G21: 5190 | H21: WOD
A22: WEE17071129-1 | B22: CICY | C22: HAIYAN BOAI ART-TEXTILE CO., LTD. | D22: 305491 | E22: 42944 | F22: 07/02/2017 | G22: 75.3769 | H22: WOD
A23: WEE17071129-2 | B23: CICY | C23: SHANGHAI DRAGON CORPORATION | D23: 305483 | E23: 42944 | F23: 07/02/2017 | G23: 19378.632 | H23: WOD
A24: WEE17071129-3 | B24: TREY | C24: HANGZHOU KUANHANG TRADING CO., LTD. | D24: 306077 & 306078 | E24: 07/31/17 - 08/01/17 | F24: 07/02/2017 | G24: 21937.687 | H24: WOD
A25: WEE17071129-4 | B25: CICY | C25: JIANGSU YILILAI HOME TEXTILE CO., LTD. | D25: 305485 | E25: 42944 | F25: 07/02/2017 | G25: 14472.362 | H25: WOD
A26: WEE17071129-5 | B26: TREY | C26: CHANGSHU SONGSHU TEXTILE CO., LTD. | D26: 306079 & 306084 | E26: 07/31/17 - 08/09/17 | F26: 07/02/2017 | G26: 106155.79 | H26: WOD
A27: WEE17071129-6 | B27: CICY | C27: JINGJIANG DACHENG TEXTILE CO., LTD | D27: 305486 | E27: 42944 | F27: 07/02/2017 | G27: 3604 | H27: WOD
A28: WEE17071130-1 | B28: CICY | C28: HAIYAN HENGHUI HOMETEXTILE CO., LTD | D28: 305514 | E28: 42943 | F28: 07/02/2017 | G28: 6548.3 | H28: WOD
A29: WEE17071130-2 | B29: CICY | C29: SHANGHAI DRAGON CORPORATION | D29: 305484 | E29: 42944 | F29: 07/02/2017 | G29: 9132.7591 | H29: WOD
A30: WEE17071131-1 | B30: CICY | C30: KUNSHAN LINMING BEDDING CO., LTD | D30: 306584 | E30: 42948 | F30: 07/02/2017 | G30: 7564.8205 | H30: WOD
A31: WEE17071131-2 | B31: CICY | C31: SHANGHAI DRAGON CORPORATION | D31: 306582 | E31: 42949 | F31: 07/02/2017 | G31: 18415.691 | H31: WOD
A32: WEE17071131-3 | B32: CICY | C32: JIAOLU TEXTILE (NANTONG) CO., LTD. | D32: 306586 | E32: 42949 | F32: 07/02/2017 | G32: 8026 | H32: WOD
A33: WEE17071131-4 | B33: CICY | C33: TONGXIANG OU YI HOME TEXTILE CO., LTD. | D33: 305480 | E33: 42947 | F33: 07/02/2017 | G33: 18821.905 | H33: WOD
A34: WEE17071131-5 | B34: CICY | C34: HANGZHOU MASU DOWN PRODUCTS CO., LTD. | D34: 306588 | E34: 42948 | F34: 07/02/2017 | G34: 2849.2464 | H34: WOD
A35: WEE17071131-6 | B35: TREY | C35: HANGZHOU CHINA HOUSE TEXTILE CO., LTD. | D35: 307162 | E35: 42949 | F35: 07/02/2017 | G35: 5168 | H35: WOD
A36: WEE17071131-7 | B36: CICY | C36: MF CO., LTD | D36: 305481 | E36: 42942 | F36: 07/02/2017 | G36: 17505.287 | H36: WOD
A37: WEE17071131-8 | B37: CICY | C37: WENZHOU YUANFEI PET TOY PRODUCTS CO., LTD. | D37: 306585 | E37: 42949 | F37: 07/02/2017 | G37: 1481.84 | H37: WOD
A38: WEE17071132 | B38: TREY | C38: JIANGSU YILILAI HOME TEXTILE CO., LTD. | D38: 309375 | E38: 42964 | F38: 07/03/2017 | G38: 108171.83 | H38: WOD
... A51: WEE17071137-9 | B51: CICY | C51: SHANGHAI MERRIERS HOUSEHOLD CO.,LTD. | D51: 305490 | E51: 42947 | F51: 07/03/2017 | G51: 9451.05 | H51: LVM
A52: WEE17071138-1 | B52: LUCAS | C52: SUMEC TEXTILE & LIGHT INDUSTRY CO., LTD | D52: 306209 & 306210 | E52: 07/28/17 - 08/04/17 | F52: 07/03/2017 | G52: 44373.84 | H52: LVM
A53: WEE17071138-2 | B53: CICY | C53: HANGZHOU BENRUSON HOME TEXTILES CO., LTD. | D53: 306587 | E53: 42948 | F53: 07/03/2017 | G53: 3163.0655 | H53: LVM
A54: WEE17071138-3 | B54: CICY | C54: ZHEJIANG YUANZHENG FABRIC ART CO., LTD. | D54: 306583 | E54: 42948 | F54: 07/03/2017 | G54: 8941.9602 | H54: LVM
A55: WEE17071138-4 | B55: LUCAS | C55: JIANGSU YILILAI HOME TEXTILE CO., LTD. | D55: 306075 & 306076 | E55: 07/31/17 - 08/01/17 | F55: 07/03/2017 | G55: 38942.716 | H55: LVM
A56: WEE17071138-5 | B56: LUCAS | C56: JIANDE MINYU HOME TEXTILE CO., LTD | D56: 306758 | E56: 42951 | F56: 07/03/2017 | G56: 35723.33 | H56: LVM
A57: WEE17071139-1 | B57: CICY | C57: ZHEJIANG WANXIANG BEDDING CO., LTD. | D57: 306578 | E57: 42950 | F57: 07/03/2017 | G57: 12143.09 | H57: LVM
A58: WEE17071139-2 | B58: CICY | C58: KUNSHAN LINMING BEDDING CO., LTD | D58: 306575 | E58: 42950 | F58: 07/03/2017 | G58: 3308.4171 | H58: LVM
A59: WEE17071139-3 | B59: CICY | C59: SUZHOU HESEN INDUSTRIAL CO., LTD. | D59: 306577 | E59: 42950 | F59: 07/03/2017 | G59: 4946.9 | H59: LVM
A60: WEE17071139-4 | B60: CICY | C60: CHANGSHU XIAHONG TEXTILE CO., LTD. | D60: 306581 | E60: 42950 | F60: 07/03/2017 | G60: 1420.8541 | H60: LVM
A61: WEE17071139-5 | B61: CICY | C61: JIAOLU TEXTILE (NANTONG) CO., LTD. | D61: 306580 | E61: 42950 | F61: 07/03/2017 | G61: 8801.2 | H61: LVM
A62: WEE17071139-6 | B62: TREY | C62: DONGTAI YASHIYUAN TEXTILE CO., LTD | D62: 306103 & 306104 | E62: 07/31/17 - 08/04/17 | F62: 07/03/2017 | G62: 77852.334 | H62: LVM
A63: WEE17071139-7 | B63: CICY | C63: ZHEJIANG HENGDI BEDDING CO., LTD. | D63: 306578 | E63: 42950 | F63: 07/03/2017 | G63: 7480.088 | H63: LVM
A64: WEE17071139-8 | B64: CICY | C64: FASHION HOMES SHANGHAI CO.,LTD | D64: 306576 | E64: 42950 | F64: 07/03/2017 | G64: 2176.2 | H64: LVM
A65: WEE17071140-1 | B65: CICY | C65: MEIZHOU LIANSHUNCHANG TRADING CO.,LTD. | D65: 306572 | E65: 42948 | F65: 07/03/2017 | G65: 1691.64 | H65: LVM
A66: WEE17071140-2 | B66: CICY | C66: DONGGUAN VIANA TEXTILES CO., LTD | D66: 306570 | E66: 42948 | F66: 07/03/2017 | G66: 18296.274 | H66: LVM
A67: WEE17071141-1 | B67: LUCAS | C67: NINGBO CHENGTUO TEXTILE CO., LTD. | D67: 306212 & 306213 | E67: 07/28/17 - 08/01/17 | F67: 07/04/2017 | G67: 13683.657 | H67: LVM
A68: WEE17071141-2 | B68: CICY | C68: SHANGYU ZHONGYU TEXTILE CO., LTD. | D68: 306605 | E68: 42948 | F68: 07/04/2017 | G68: 14280.6 | H68: LVM
A69: WEE17071142 | B69: CICY | C69: MINHOU MINXING WEAVING CO., LTD. | D69: 308033 | E69: 42963 | F69: 07/02/2017 | G69: 14476.25 | H69: SV2
A70: WEE17071143 | B70: CICY | C70: HANGZHOU BENRUSON HOME TEXTILES CO., LTD. | D70: 306569 | E70: 42957 | F70: 07/03/2017 | G70: 13409.359 | H70: SV2
A71: WEE17071144 | B71: CICY | C71: TONGXIANG SIXINYUAN SILK TEXTILE CO., LTD. | D71: 306568 | E71: 42957 | F71: 07/03/2017 | G71: 48235.159 | H71: SV2
A72: WEE17071145 | B72: CICY | C72: DONGTAI YASHIYUAN TEXTILE CO., LTD | D72: 306606 | E72: 42957 | F72: 07/03/2017 | G72: 31273.873 | H72: SV2
A73: WEE17071146 | B73: TREY | C73: HANGZHOU YIJIA TEXTILES CO., LTD. | D73: 306107 | E73: 42947 | F73: 07/03/2017 | G73: 52521.084 | H73: WD2
A74: WEE17071147 | B74: CICY | C74: JIANGSU KAIRUI HOME TEXTILE CO., LTD. | D74: 305496 | E74: 42944 | F74: 07/03/2017 | G74: 12428.399 | H74: WD2
A75: WEE17071148-1 | B75: CICY | C75: PUJIANG HONGSHENG ARTS AND CRAFTS CO., LTD. | D75: 306596 | E75: 42950 | F75: 07/03/2017 | G75: 11466.069 | H75: WD2
A76: WEE17071148-2 | B76: CICY | C76: JIANDE CITY YAOXIN KNITTING & TEXTILES CO., LTD. | D76: 306597 | E76: 42950 | F76: 07/03/2017 | G76: 15693.411 | H76: WD2
A77: WEE17071149-1 | B77: CICY | C77: HANGZHOU BENRUSON HOME TEXTILES CO., LTD. | D77: 306598 | E77: 42951 | F77: 07/03/2017 | G77: 2716.0804 | H77: WD2
A78: WEE17071149-2 | B78: TREY | C78: JIANGSU KAIRUI HOME TEXTILE CO., LTD. | D78: 307168 | E78: 42951 | F78: 07/03/2017 | G78: 64895.525 | H78: WD2
A79: WEE17071149-3 | B79: CICY | C79: NANTONG SIAN TEXTILE CRAFTS CO., LTD. | D79: 306599 | E79: 42948 | F79: 07/03/2017 | G79: 983.4045 | H79: WD2
... A104: WEE17071155-3 | B104: CICY | C104: SUZHOU MEGATEX IMPORT&EXPORT CO., LTD. | D104: 307737 | E104: 42961 | F104: 07/07/2017 | G104: 41267.5 | H104: SV2
A105: WEE17071156-1 | B105: CHRIS | C105: HANGZHOU BENRUSON HOME TEXTILES CO., LTD. | D105: 308371 | E105: 42963 | F105: 07/10/2017 | G105: 45179.854 | H105: SV2 | I105: ADJ OVER 1 VOUCHED
A106: WEE17071156-2 | B106: CICY | C106: JIANGSU KAIRUI HOME TEXTILE CO., LTD. | D106: 307764 | E106: 42961 | F106: 07/10/2017 | G106: 12320.352 | H106: SV2
A107: WEE17071157 | B107: TREY | C107: ORIENT INT'L HOLDING SHANGHAI HOMETEX CO., LTD. | D107: 306095 & 306097 | E107: 07/31/17 - 08/01/17 | F107: 07/03/2017 | G107: 8995.8 | H107: WOD
A108: WEE17071158-1 | B108: CICY | C108: GRACEFUL BEST HOLDINGS LTD | D108: 307739 | E108: 42961 | F108: 07/04/2017 | G108: 730 | H108: SV2
A109: WEE17071158-2 | B109: CICY | C109: NEW LAND LIGHTING(HK) INDUSTRY CO., LTD | D109: 307738 | E109: 42961 | F109: 07/04/2017 | G109: 19259 | H109: SV2
A110: WEE17071159 | B110: CICY | C110: HAOJIANG FURNITURE CO., LTD | D110: 307740 | E110: 42961 | F110: 07/04/2017 | G110: 40194 | H110: SV2
A111: WEE17071160 | B111: CICY | C111: KARRY FURNITURE LTD. | D111: 307750 | E111: 42961 | F111: 07/04/2017 | G111: 54357.54 | H111: SV2
A112: WEE17071161 | B112: CICY | C112: SKY GLAD CO., LTD. | D112: 307741 | E112: 42961 | F112: 07/04/2017 | G112: 22569.507 | H112: SV2
A113: WEE17071162-1 | B113: CICY | C113: SHANDONG EXCEL LIGHT INDUSTRIAL PRODUCTS CO., LTD. | D113: 307746 | E113: 42965 | F113: 07/07/2017 | G113: 75594.84 | H113: WOD
A114: WEE17071162-2 | B114: CICY | C114: YANTAI ZHONGLIAN INDUSTRY CO., LTD. | D114: 307865 | E114: 42962 | F114: 07/07/2017 | G114: 72247.08 | H114: WOD
A115: WEE17071163-1 | B115: CICY | C115: INTCO INTERNATIONAL (HK) CO.,LIMITED | D115: 307748 | E115: 42961 | F115: 07/07/2017 | G115: 10271.8 | H115: WOD
A116: WEE17071163-2 | B116: CICY | C116: UNITED LINENS LTD | D116: 306603 | E116: 42958 | F116: 07/07/2017 | G116: 14951.7 | H116: WOD
A117: WEE17071163-3 | B117: CICY | C117: WEIHAI AMITY HOME COLLECTION CO.,LTD. | D117: 306604 | E117: 42958 | F117: 07/07/2017 | G117: 10311.9 | H117: WOD
A118: WEE17071164-1 | B118: CICY | C118: ZHEJIANG WANGBIN DECORATIVE MATERIAL CO., LTD. | D118: 305497 | E118: 42942 | F118: 07/04/2017 | G118: 760.8 | H118: WOD
A119: WEE17071164-2 | B119: CICY | C119: YIWU TAOYE ARTS AND CRAFTS CO., LTD | D119: 305498 | E119: 42942 | F119: 07/04/2017 | G119: 14591 | H119: WOD
... A270: WEE17071230-2 | B270: CICY | C270: JIANDE CITY YAOXIN KNITTING & TEXTILES CO., LTD. | D270: 307788 | E270: 42963 | F270: 07/13/2017 | G270: 3082.9146 | H270: SV2
A271: WEE17071230-3 | B271: CHRIS | C271: JIANGSU KAIRUI HOME TEXTILE CO., LTD. | D271: 309500 & 313519 | E271: 8/22/2017 - 09/08/17 | F271: 07/13/2017 | G271: 59803.144 | H271: SV2
A272: WEE17071230-4 | B272: CICY | C272: SHANGHAI DRAGON CORPORATION | D272: 307787 | E272: 42963 | F272: 07/13/2017 | G272: 5280.7789 | H272: SV2
A273: WEE17071231 | B273: CICY | C273: ZHEJIANG CARITAS HOMETEXTILE CO., LTD | D273: 307789 | E273: 42968 | F273: 07/13/2017 | G273: 36372.16 | H273: SV2
A274: WEE17071232-1 | B274: CICY | C274: FJ HOME FASHIONS CO., LTD. | D274: 307794 | E274: 42968 | F274: 07/13/2017 | G274: 11621.59 | H274: SV2
A275: WEE17071232-2 | B275: CICY | C275: WUXI YICHEN TEXTILE CO., LTD | D275: 307793 | E275: 42968 | F275: 07/13/2017 | G275: 2844.2208 | H275: SV2
A276: WEE17071232-3 | B276: CHRIS | C276: JIAOLU TEXTILE (NANTONG) CO., LTD. | D276: 309376 | E276: 42968 | F276: 07/13/2017 | G276: 231456.33 | H276: SV2
A277: WEE17071232-4 | B277: CICY | C277: JIANGSU YILILAI HOME TEXTILE CO., LTD. | D277: 307790 | E277: 42968 | F277: 07/13/2017 | G277: 3245.1004 | H277: SV2
A278: WEE17071232-5 | B278: CICY | C278: NINGBO CHENGTUO TEXTILE CO., LTD. | D278: 307792 | E278: 42968 | F278: 07/13/2017 | G278: 10321.734 | H278: SV2
A279: WEE17071232-6 | B279: CICY | C279: SUZHOU YAWEEN TEXTILE PRODUCTS CO.,LTD | D279: 307791 | E279: 42968 | F279: 07/13/2017 | G279: 37464 | H279: SV2
A280: WEE17071233 | B280: CHRIS | C280: SUZHOU MEGATEX IMPORT&EXPORT CO., LTD. | D280: 309367 | E280: 42967 | F280: 07/14/2017 | G280: 128205.5 | H280: SV2
A281: WEE17071234-1 | B281: CICY | C281: PUJIANG HONGSHENG ARTS AND CRAFTS CO., LTD. | D281: 307779 | E281: 42964 | F281: 07/14/2017 | G281: 28557.4 | H281: SV2
A282: WEE17071234-2 | B282: CHRIS | C282: HANGZHOU BENRUSON HOME TEXTILES CO., LTD. | D282: 309368 | E282: 42964 | F282: 07/14/2017 | G282: 16784.538 | H282: SV2
A283: WEE17071234-3 | B283: CICY | C283: NANTONG YIYUAN HOUSEHOLD TEXTILES CO., LTD. | D283: 307778 | E283: 42964 | F283: 07/14/2017 | G283: 1908.9196 | H283: SV2
... A288: WEE17071234-8 | B288: CICY | C288: ANHUI SWAN HOME TEXTILES CO., LTD. | D288: 307783 | E288: 42963 | F288: 07/14/2017 | G288: 39141.458 | H288: SV2
A289: WEE17071235 | B289: TREY | C289: AL-KARAM TEXTILE MILLS (PVT) LTD. | D289: 31154 | E289: 42998 | F289: 07/24/2017 | G289: 11230.04 | H289: WOD | I289: PO# 125165 - 67
A290: WEE17071236 | B290: CICY | C290: PEACE HONOR ENTERPRISES LIMITED | D290: 308943 | E290: 42969 | F290: 07/15/2017 | G290: 72996.68 | H290: SV2
...

Sheet Backup WEE
A1: W/P EE# | B1: AP PERSON | C1: VENDOR | D1: VOUCHER# | E1: REC'V DATE | F1: INV DATE | G1: $ AMT | H1: WHSE
A2: EE20113512 | C2: TAN NHAT WOOD CO., LTD. | F2: 11/12/2020 | G2: 19784 | H2: WOD
A3: EE20113597 | C3: PHU KIM IMPORT EXPORT INVESTMENT COMPANY LIMITED | F3: 11/14/2020 | G3: 14387 | H3: WOD
A4: EE20124179 | B4: EEC | C4: KOHINOOR TEXTILE MILLS LTD. (22434100) | D4: 463912 & ???? | E4: FEB'21 / ???? | F4: 12/15/2020 | G4: 3674.25 | H4: SV2
A5: EE21010040 | B5: EEC | C5: JIAOLU TEXTILE (NANTONG) CO., LTD. (22591200) (22775100) | D5: 464243 & 467234 & ???? | E5: FEB'21 / MAR'21 / ???? | F5: 01/02/2021 | G5: 5888.69 | H5: SAV
A6: EE21020412 | C6: THANH THANG THANG LONG JSC- BINH DUONG BRANCH 2 | F6: 02/16/2021 | G6: 29180.9 | H6: WOD
A7: EE21020463 | B7: EEC | C7: JY HOME (ZHEJIANG) CO. LTD (22989900) (22990200) (22990300) | D7: 469151 & ???? | E7: MAR'21 / ???? | F7: 02/12/2021 | G7: 6600.6278 | H7: SV4
A8: EE21020494-1 | C8: KOHINOOR TEXTILE MILLS LTD. | F8: 02/14/2021 | G8: 3212 | H8: WOD
A9: EE21020494-2 | C9: MK SONS (PVT) LTD | F9: 02/14/2021 | G9: 8270.1 | H9: WOD
A10: EE21020494-3 | C10: SADAQAT LIMITED | F10: 02/14/2021 | G10: 5929.4 | H10: WOD
A11: EE21020496-1 | C11: Orient Textile Mills Limited | F11: 02/14/2021 | G11: 15115.12 | H11: WOD
A12: EE21020496-2 | C12: SADAQAT LIMITED | F12: 02/14/2021 | G12: 5576.4 | H12: WOD
A13: EE21020498-1 | C13: GUL AHMED TEXTILES | F13: 02/21/2021 | G13: 5758.7 | H13: WOD
A14: EE21020498-2 | C14: YUNUS TEXTILE MILLS | F14: 02/21/2021 | G14: 14083.88 | H14: WOD
A15: EE21020499-1 | C15: LIBERTY MILLS LIMITED | F15: 02/14/2021 | G15: 11731.74 | H15: WOD
A16: EE21020499-2 | C16: YUNUS TEXTILE MILLS | F16: 02/14/2021 | G16: 5037.1 | H16: WOD
A17: EE21020517-1 | C17: NANJING HENIEMO HOME TEXTILES CO.,LTD. | F17: 03/02/2021 | G17: 7889.244 | H17: WOD
A18: EE21020517-2 | C18: SUMEC TEXTILE COMPANY LIMITED | F18: 03/02/2021 | G18: 8900 | H18: WOD
A19: EE21020517-3 | C19: ZHEJIANG HENGDI BEDDING CO., LTD. | F19: 03/02/2021 | G19: 11550 | H19: WOD
... A25: EE21020555 | C25: ZHEJIANG HONGDU BEDDING CO.,LTD | F25: 03/01/2021 | G25: 72608.4 | H25: WD2
A26: EE21020557 | B26: EEC | C26: JY HOME (ZHEJIANG) CO. LTD | D26: 469177 & 471305 & ???? | E26: MAR'21 / APR'21 / ???? | F26: 02/21/2021 | G26: 3310.0951 | H26: WD2
A27: EE21020573 | C27: KOHINOOR TEXTILE MILLS LTD. | F27: 02/25/2021 | G27: 45004.78 | H27: WOD
A28: EE21020589 | C28: CV. TWINDO | F28: 02/23/2021 | G28: 29650 | H28: SV3
A29: EE21020590 | C29: CV. TWINDO | F29: 02/23/2021 | G29: 27250 | H29: SV3
A30: EE21030601 | C30: KG DENIM LIMITED | F30: 03/09/2021 | G30: 31134.84 | H30: SV2
A31: EE21030607-1 | C31: SUNRISE FURNITURE CO.,LTD | F31: 03/06/2021 | G31: 16610.3 | H31: SV3
A32: EE21030607-2 | C32: YI HUI INTERNATIONAL TRADING CO LIMITED | F32: 03/06/2021 | G32: 23326.56 | H32: SV3
A33: EE21030607-3 | C33: ZHONGSHAN HAO JIANG FURNITURE CO., LTD | F33: 03/06/2021 | G33: 15038.15 | H33: SV3
A34: EE21030610 | C34: JIANDE CITY YAOXIN KNITTING AND TEXTILES CO.,LTD. | F34: 03/14/2021 | G34: 47722.683 | H34: WOD
A35: EE21030611 | C35: TONGXIANG PAIMA TEXTILE CO., LTD. | F35: 03/16/2021 | G35: 34317.87 | H35: WOD
A36: EE21030612 | C36: SUZHOU MEGATEX IMPORT&EXPORT CO., LTD. | F36: 03/16/2021 | G36: 73039.25 | H36: WOD
A37: EE21030646 | C37: GUANGDONG XINGYIDA IMP. & EXP. CO., LTD | F37: 03/10/2021 | G37: 40794.8 | H37: SV3
A38: EE21030648 | C38: SHAOXING SHANGYU ZHONGYU TEXTILE CO., LTD. | F38: 03/10/2021 | G38: 22527.4 | H38: SV4
... A89: EE21030739 | C89: ZHEJIANG CARITAS HOMETEXTILE CO., LTD | F89: 03/22/2021 | G89: 34983.401 | H89: SV4
A90: EE21030740 | B90: EEC | C90: SUZHOU MEGATEX IMPORT&EXPORT CO., LTD. | D90: 473623 & ???? | E90: APR'21 / ???? | F90: 03/22/2021 | G90: 143682.96 | H90: SV4
A91: EE21030741 | C91: SUZHOU MEGATEX IMPORT&EXPORT CO., LTD. | F91: 03/22/2021 | G91: 67761.29 | H91: SV4
A92: EE21030742 | C92: JY HOME (ZHEJIANG) CO. LTD | F92: 03/22/2021 | G92: 38561.669 | H92: SV4
A93: EE21030743 | B93: EEC | C93: JY HOME (ZHEJIANG) CO. LTD | D93: 473624 & ???? | E93: APR'21 / ???? | F93: 03/22/2021 | G93: 72815.038 | H93: SV4
A94: EE21030752 | C94: AL TEKSTIL KONFEKSIYON SANAYI VE TICARET LTD. STI | F94: 03/15/2021 | G94: 51288 | H94: WOD
A95: EE21030753 | C95: YUNUS TEXTILE MILLS | F95: 03/16/2021 | G95: 15624.29 | H95: SV2
A96: EE21030755 | C96: YUNUS TEXTILE MILLS | F96: 03/18/2021 | G96: 34042.6 | H96: WOD
A97: EE21030760-2 | C97: JIANGSU YILILAI HOME TEXTILE CO., LTD. | F97: 03/19/2021 | G97: 6014.6805 | H97: WOD
A98: EE21030760-5 | C98: NANJING MEIHUA TEXTILE CO., LTD. | F98: 03/19/2021 | G98: 6091.28 | H98: WOD
A99: EE21030761-8 | C99: ZHEJIANG ORIENT JUNYE I/E CO., LTD. | F99: 03/19/2021 | G99: 37156.745 | H99: WOD
A100: EE21030763-1 | C100: JIANDE CITY YAOXIN KNITTING AND TEXTILES CO.,LTD. | F100: 03/19/2021 | G100: 24473.779 | H100: WOD
A101: EE21030764-1 | C101: DONGTAI YASHIYUAN TEXTILE CO., LTD | F101: 03/19/2021 | G101: 41783.534 | H101: WOD
A102: EE21030764-2 | C102: JY HOME (ZHEJIANG) CO. LTD | F102: 03/19/2021 | G102: 17330.981 | H102: WOD
A103: EE21030765-1 | C103: JIAOLU TEXTILE (NANTONG) CO., LTD. | F103: 03/19/2021 | G103: 34618.22 | H103: WOD
A104: EE21030765-2 | C104: ZHEJIANG BOAI HOME TEXTILE CO., LTD. | F104: 03/19/2021 | G104: 12528.149 | H104: WOD
A105: EE21030766-1 | C105: JIANGSU KAIRUI HOME TEXTILE TEC CO., LTD | F105: 03/19/2021 | G105: 70270.312 | H105: WOD
A106: EE21030769 | B106: EEC | C106: ORIENT INT'L HOLDING SHANGHAI HOMETEX CO., LTD. | D106: 473632 & ???? | E106: APR'21 / ???? | F106: 03/20/2021 | G106: 6307.4233 | H106: SV2
A107: EE21030773 | B107: EEC | C107: NANTONG YIYUAN HOUSEHOLD TEXTILES CO., LTD. | D107: 473634 & ???? | E107: APR'21 / ???? | F107: 03/20/2021 | G107: 12154.925 | H107: SV2
A108: EE21030788 | C108: HANGZHOU YIJIA TEXTILES CO., LTD. | F108: 03/24/2021 | G108: 48598.571 | H108: WOD
A109: EE21030789 | C109: HANGZHOU YIJIA TEXTILES CO., LTD. | F109: 03/24/2021 | G109: 33802.52 | H109: WOD
A110: EE21030790-1 | C110: QINGDAO SMARTEX HOME FASHION COMPANY LTD. | F110: 03/22/2021 | G110: 21808.8 | H110: WOD
A111: EE21030790-2 | C111: SHANDONG ANGEL HOME TEXTILE CO.,LTD. | F111: 03/22/2021 | G111: 24443.899 | H111: WOD
A112: EE21030790-3 | C112: Xintai Ruifeng Textile Co., Ltd | F112: 03/22/2021 | G112: 7395.8668 | H112: WOD
A113: EE21030791 | C113: XIAMEN JOYBI IMPORT & EXPORT CO.,LTD. | F113: 03/23/2021 | G113: 48253.4 | H113: WOD
A114: EE21030800-1 | B114: EEC | C114: CHANGZHOU INNOVATION HOMESTYLES CO., LTD | D114: 473635 & ???? | E114: APR'21 / ???? | F114: 03/10/2021 | G114: 1674.05 | H114: SV2
A115: EE21030808 | C115: JY HOME (ZHEJIANG) CO. LTD | F115: 03/22/2021 | G115: 89564.46 | H115: SV2
A116: EE21030810-2 | C116: QINGDAO Y.L.S. TEXTILES CO.,LTD. | F116: 03/14/2021 | G116: 34600 | H116: SV3-2
A117: EE21030810-3 | C117: YANTAI NORTH HOME TEXTILE CO., LTD. | F117: 03/14/2021 | G117: 45781 | H117: SV3-2
A118: EE21030811-1 | C118: QINGDAO BEAUTY U TEXTILE & GARMENTS CO., LTD | F118: 03/16/2021 | G118: 8896.7 | H118: SV2
A119: EE21030811-2 | C119: QINGDAO KINGTEX CO., LTD. | F119: 03/16/2021 | G119: 29985.44 | H119: SV2
A120: EE21030811-3 | C120: QINGDAO SMARTEX HOME FASHION COMPANY LTD. | F120: 03/16/2021 | G120: 9136 | H120: SV2
A121: EE21030811-4 | C121: QINGDAO SUNDORY CO., LTD. | F121: 03/16/2021 | G121: 12106.56 | H121: SV2
A122: EE21030811-5 | C122: SHANDONG ANGEL HOME TEXTILE CO.,LTD. | F122: 03/16/2021 | G122: 14706.084 | H122: SV2
A123: EE21030811-6 | C123: WEIFANG BRIGHT IM. AND EX. CO., LTD. | F123: 03/16/2021 | G123: 11876.84 | H123: SV2
A124: EE21030811-7 | C124: YANTAI NORTH HOME TEXTILE CO., LTD. | F124: 03/16/2021 | G124: 82861.7 | H124: SV2
A125: EE21030812 | C125: NANJING MEIHUA TEXTILE CO., LTD. | F125: 03/22/2021 | G125: 16032.895 | H125: SV2
A126: EE21030813-1 | C126: AIBAIHE TEXTILE TECHNOLOGY (ANHUI) CO., LTD | F126: 03/11/2021 | G126: 26762.294 | H126: SV3-2
... A153: EE21030819-9 | C153: ZHEJIANG HONGDU BEDDING CO.,LTD | F153: 03/20/2021 | G153: 10011 | H153: SV2
A154: EE21030820 | B154: EEC | C154: NINGBO HAITIAN HOLDING GROUP CO., LTD. | D154: 473638 & ???? | E154: APR'21 / ???? | F154: 03/27/2021 | G154: 14803.526 | H154: SV2
A155: EE21030821 | C155: ZHEJIANG SHUOQI HOME TEXTILE PRODUCTS CO., LTD | F155: 03/27/2021 | G155: 36595.9 | H155: SV2
A156: EE21030822 | C156: SHAOXING SHANGYU ZHONGYU TEXTILE CO., LTD. | F156: 03/27/2021 | G156: 35247.42 | H156: SV2
A157: EE21030824 | C157: PAN OVERSEAS | F157: 03/14/2021 | G157: 28825.41 | H157: SV3-2
A158: EE21030827 | C158: FOCAL CAPITAL HOLDING LIMITED | F158: 03/16/2021 | G158: 102366 | H158: SV3
A159: EE21030828 | C159: CTY TNHH GO THANH NGHIA | F159: 03/14/2021 | G159: 14314.5 | H159: SV3
A160: EE21030829 | C160: CTY TNHH GO THANH NGHIA | F160: 03/22/2021 | G160: 13950 | H160: SV3
A161: EE21030830 | C161: TAN NHAT WOOD CO., LTD. | F161: 03/22/2021 | G161: 20098 | H161: SV3
A162: EE21030831 | C162: CTY TNHH GO THANH NGHIA | F162: 03/17/2021 | G162: 11760 | H162: SV3
A163: EE21030832 | C163: THANH THANG THANG LONG JSC- BINH DUONG BRANCH 2 | F163: 03/17/2021 | G163: 26833.9 | H163: SV3
A164: EE21030833 | C164: TAN NHAT WOOD CO., LTD. | F164: 03/17/2021 | G164: 22737 | H164: SV3
A165: EE21030834 | C165: THANH THANG THANG LONG JSC- BINH DUONG BRANCH 2 | F165: 03/17/2021 | G165: 22869 | H165: SV3
A166: EE21030835 | C166: TAN NHAT WOOD CO., LTD. | F166: 03/17/2021 | G166: 24655 | H166: SV3
... A209: EE21030875-2 | C209: ZHEJIANG YUANZHENG FABRIC ART CO., LTD. | F209: 03/18/2021 | G209: 67669.88 | H209: SV2
A210: EE21030876-1 | B210: EEC | C210: JIANDE MINYU HOME TEXTILE CO., LTD | D210: 473643 & ???? | E210: APR'21 / ???? | F210: 03/18/2021 | G210: 32598.9 | H210: SV2
A211: EE21030876-2 | C211: SHANGHAI MERRIERS HOUSEHOLD CO.,LTD. | F211: 03/18/2021 | G211: 6995 | H211: SV2
A212: EE21030877-1 | C212: EVER PIONEER TEXTILES CORPORATION | F212: 03/18/2021 | G212: 20957.8 | H212: SV2
A213: EE21030877-2 | C213: NANTONG BRINEY HOMEFASHIONS CO., LTD. | F213: 03/18/2021 | G213: 5818.4258 | H213: SV2
A214: EE21030877-3 | C214: NANTONG SAILIN TEXTILE CO., LTD. | F214: 03/18/2021 | G214: 13624.4 | H214: SV2
A215: EE21030877-4 | C215: SHAOXING LANYU HOME TEXTILE CO., LTD. | F215: 03/18/2021 | G215: 21430.8 | H215: SV2
A216: EE21030879-1 | C216: RUGAO LONGQUN TEXTILE PRODUCTS CO., LTD | F216: 03/18/2021 | G216: 33746.575 | H216: SV2
A217: EE21030879-3 | C217: SHANGHAI HOLY ARTS & CRAFTS CO., LTD | F217: 03/18/2021 | G217: 7513.7312 | H217: SV2
A218: EE21030879-4 | C218: WENZHOU MAYA TRADE CO., LTD. | F218: 03/18/2021 | G218: 27708.28 | H218: SV2
A219: EE21030879-5 | C219: WUXI VIANA TEXTILES CO., LTD | F219: 03/18/2021 | G219: 14350.263 | H219: SV2
A220: EE21030879-6 | C220: ZHEJIANG ORIENT JUNYE I/E CO., LTD. | F220: 03/18/2021 | G220: 9246.2188 | H220: SV2
A221: EE21030880-1 | C221: JOY WAY TRADING LIMITED | F221: 03/18/2021 | G221: 54714.4 | H221: SV2
A222: EE21030880-2 | C222: NANJING MEIHUA TEXTILE CO., LTD. | F222: 03/18/2021 | G222: 38603.266 | H222: SV2
... A233: EE21030892 | C233: QUSHI HOMETEXTILE NANTONG CO., LTD. | F233: 03/22/2021 | G233: 58856.527 | H233: SV2
...

Sheet Backup POE
A1: W/P EE# | B1: AP PERSON | C1: VENDOR | D1: VOUCHER# | E1: REC'V DATE | F1: INV DATE | G1: COST$ AMT
A2: POE20090246-3 | C2: ZHENJIANG MEMPET PET PRODUCTS CO.,LTD | F2: 09/16/2020 | G2: 2964
A3: POE21020050 | C3: FUSHUN GONG YI ZHI PIN COMPANY LIMITED | F3: 02/24/2021 | G3: 50843.88
A4: POE21020077-2 | B4: ANGELL | C4: JIAOLU TEXTILE (NANTONG) CO., LTD | D4: 473967 | E4: 44317 | F4: 44229 | G4: 20844.3
A5: POE21020078 | B5: ANGELL | C5: JIAOLU TEXTILE (NANTONG) CO., LTD | D5: 473968 | E5: 44320 | F5: 44256 | G5: 60730.7
A6: POE21030100 | C6: TONGXIANG PAIMA TEXTILE CO., LTD. | D6: Removed? | F6: 02/24/2021 | G6: 6840.048
A7: POE21030116 | C7: INSTYLE SOFA SDN BHD | F7: 03/16/2021 | G7: 10980
A8: POE21030120 | B8: ANGELL | C8: KAMAL HOSIERY MILLS | D8: 473969 | E8: 44321 | F8: 44271 | G8: 59630.64
A9: POE21030124 | C9: ALOK INDUSTRIES LTD. | F9: 03/22/2021 | G9: 104567.8
A10: POE21030128 | C10: JIANDE CITY YAOXIN KNITTING AND TEXTILES CO.,LTD. | F10: 04/11/2021 | G10: 34743.123
A11: POE21030135 | B11: ANGELL | C11: NINGBO ZHONGTIAN APEX HOUSEHOLD COMMODIT | D11: 473970 | E11: 44320 | F11: 44297 | G11: 32940
A12: POE21030136 | B12: ANGELL | C12: ZHEJIANG WANGBIN DECORATIVE MATERIAL CO. | D12: 473971 | E12: 44319 | F12: 44297 | G12: 23742
A13: POE21030142 | C13: PHU KIM IMPORT EXPORT INVESTMENT COMPANY LIMITED | F13: 03/28/2021 | G13: 57017.5
A14: POE21040145 | C14: PERFECT LIVING HOLDINGS LTD. | F14: 04/03/2021 | G14: 27440
A15: POE21040146 | C15: PHU KIM IMPORT EXPORT INVESTMENT COMPANY LIMITED | F15: 04/01/2021 | G15: 9472
A16: POE21040147 | C16: PHU KIM IMPORT EXPORT INVESTMENT COMPANY LIMITED | F16: 04/06/2021 | G16: 21469
A17: POE21040148 | C17: ZHONGSHAN HAO JIANG FURNITURE CO., LTD | F17: 04/09/2021 | G17: 22344
A18: POE21040149-1 | C18: CHAOZHOU QINGFA CERAMICS CO.,LTD | F18: 04/09/2021 | G18: 14440
A19: POE21040149-2 | C19: FAIR (HONGKONG) LIMITED | F19: 04/09/2021 | G19: 10995
A20: POE21040150 | C20: ALOK INDUSTRIES LTD. | F20: 04/03/2021 | G20: 104767.8
A21: POE21040152 | C21: INSTYLE SOFA SDN BHD | F21: 04/08/2021 | G21: 10980
A22: POE21040153 | C22: PHU KIM IMPORT EXPORT INVESTMENT COMPANY LIMITED | F22: 04/04/2021 | G22: 22623.5
A23: POE21040154 | C23: PHU KIM IMPORT EXPORT INVESTMENT COMPANY LIMITED | F23: 04/09/2021 | G23: 34986
A24: POE21040155 | C24: PHU KIM IMPORT EXPORT INVESTMENT COMPANY LIMITED | F24: 04/09/2021 | G24: 9472
... A35: POE21040165 | C35: YANTAI NORTH HOME TEXTILE CO., LTD. | F35: 04/20/2021 | G35: 22766.22
A36: POE21040167-1 | B36: ANGELL | C36: FAIR (HONGKONG) LIMITED | D36: 473972 | E36: 44320 | F36: 44287 | G36: 38950
A37: POE21040167-2 | B37: ANGELL | C37: FUSHUN GONG YI ZHI PIN COMPANY LIMITED | D37: 473973 | E37: 44320 | F37: 44287 | G37: 26106
A38: POE21040167-3 | B38: ANGELL | C38: FEI PENG (HONG KONG) LIMITED | D38: 473974 | E38: 44320 | F38: 44287 | G38: 41904
A39: POE21040168 | C39: NINGBO ZHONGTIAN APEX HOUSEHOLD COMMODITIES CO., LTD. | F39: 04/16/2021 | G39: 32940
A40: POE21040169-1 | C40: BEST HOME (NAN TONG) TEXTILE CO., LTD | F40: 04/14/2021 | G40: 16418.4
A41: POE21040169-2 | C41: HANGZHOU YIJIA TEXTILES CO., LTD. | F41: 04/14/2021 | G41: 10733.8
A42: POE21040169-3 | C42: JY HOME (ZHEJIANG) CO. LTD | F42: 04/14/2021 | G42: 23292
A43: POE21040169-4 | C43: NANJING MEIHUA TEXTILE CO., LTD. | F43: 04/14/2021 | G43: 14945
A44: POE21040169-5 | C44: SUZHOU MEGATEX IMPORT&EXPORT CO., LTD. | F44: 04/14/2021 | G44: 17680
A45: POE21040169-6 | C45: WUXI YICHEN TEXTILE CO., LTD | F45: 04/14/2021 | G45: 6300
A46: POE21040170 | C46: WUXI YICHEN TEXTILE CO., LTD | F46: 04/14/2021 | G46: 12186
A47: POE21040171-1 | C47: JIANDE CITY YAOXIN KNITTING AND TEXTILES CO.,LTD. | F47: 04/14/2021 | G47: 55518.055
A48: POE21040171-2 | C48: JIANGSU YILILAI HOME TEXTILE CO., LTD. | F48: 04/14/2021 | G48: 62268.406
A49: POE21040171-3 | C49: ZHEJIANG HONGDU BEDDING CO.,LTD | F49: 04/14/2021 | G49: 16495.94
A50: POE21040172-1 | C50: CHANGZHOU INNOVATION HOMESTYLES CO., LTD | F50: 04/14/2021 | G50: 50480
... A76: POE21040193 | C76: HOLZERN FURNITURE SDN BHD | F76: 04/30/2021 | G76: 77451
C84: 2021-04 POE Accrue Value | G84: =SUM(G2:G83) -> 2571650.4

Sheet Reclass JV-Done
C1: E & E Co. Ltd. | H1: JV # | I1: JV-56000 Incorrect Item SO Reclass
C2: JOURNAL VOUCHER "JV" | H2: ENTRY #
H3: POSTING #
A5: 44054 | C5: TRANSACTION DATE
A6: 2 | C6: ACCOUNTING MONTH | G6: PREPARED BY | H6: Selina Fan | I6: DATE | J6: =TODAY() -> 44361
A7: N | C7: Reversing Entry | G7: INPUT BY | H7: Selina Fan | I7: DATE
A9: EG: | E9: BATCH DESCRIPTION | G9: APPROVED BY | I9: DATE
A13: ENTRY | B13: REF | C13: GL ACCT | D13: Cost | E13: Cost | F13: DEBIT | G13: CREDIT | H13: REFERENCE
A14: NO | B14: NO. | C14: NO. | D14: Center | E14: Unit
A16: 1 | C16: 56000 | D16: 0000 | E16: 00 | H16: Reclass Variance of Incorrect Item Sales Order Adj-ZZZ
C17: 50000 | D17: 0000 | E17: 00 | H17: =H16 -> Reclass Variance of Incorrect Item Sales Order Adj-ZZZ
A19: 2
F22: =SUM(F15:F21) -> 0 | G22: =SUM(G15:G21) -> 0 | H22: TOTALS (REQUIRED)
A23: COMMENTS:
